Workbook

Sheet Tasks
A1: Mike L | B1: EEC Billing Determinates (need to remember NM customers w/o production meters) etc. | F1: Task Area | G1: Tab | H1: Col | I1: Row | J1: descriptor | K1: status
B2: Util Rev and Load Data | F2: Mike | G2: EEC Billing determinates CY21 | K2: All data missing
A3: Cheryl M/D Roy | B3: EEC UnCollectibles | F3: Cheryl/Finance | G3: Util. Rev Load data | I3: 25(green) | J3: bluebookdata,rev data by class & billing determinate | K3: missing
B4: EEC Collections True Up | F4: Mike | G4: Util. Rev Load data | I4: 73(green) | J4: bluebookdata,kWH data by class & billing determinate
B5: EEC 2021 Data (now 2022) | F5: Cheryl/Finance | G5: EEC Collection true up | H5: C | I5: 13 (green) | J5: EEC then projected EEC Collections | K5: Placeholder, but unclear source of data, ColD says source is the 2019 EEC report ( 2020 EEC report now)
B6: EEC 2020 data | F6: Cheryl/Finance | G6: EEC Collection true up | H6: G | I6: 10-13 | J6: need to pull data from most recent EEC data (in this case EEC 2021 data) | K6: ok, corrected links
B7: EEC 2019 data | F7: Cheryl/Finance | G7: EEC Collection true up | H7: M | I7: 10-12 | J7: need to reflect most recent EEC rates in effect | K7: ok, updated
A8: Tlyle | B8: EEC Calculation | F8: Cheryl/Finance | G8: EEC Collection true up | H8: T | I8: 8 | J8: need to update with actual collections in current CY, then estimated thru end of CY | K8: ok, updated
B9: EEC Rates Report | F9: Cheryl/Finance | G9: EEC Collection true up | H9: C | I9: 26-29 | J9: EEC collections | K9: unclear, souce stated to be from 2020 EEC report(rate reports tab)
B10: PUC Filing lettter
A11: Jen B. | B11: Customer Notice
B12: Change EEC rate in Billing system

Sheet EEC Billing Determinants
A1: BILLING DETERMINANTS - CY2021
C2: Billed Sales | D2: BTM Gen | E2: Revenue | F2: Revenue | G2: Revenue | H2: Revenue | I2: EEU | J2: EEU | K2: EEU | L2: Current | M2: Current | N2: Current | O2: Calculated
A3: Rate Class | B3: Customers | C3: (KWH) | D3: (KWH) | E3: (Cust Chrg) | F3: (Energy) | G3: (Demand) | H3: (Total) | I3: (KWH)(2) | J3: (KW)(3) | K3: (Revenues) | L3: KWH Rate | M3: KW Rate | N3: Flat Rate | O3: EU Revenues
A5: Residential
A6: RS | B6: 17186.08 | C6: 87566653 | D6: 158148.68 | E6: 1692302.5 | F6: =+H6-E6-G6 -> 12496992 | G6: 0 | H6: 14189295 | I6: =+C6+D6 -> 87724802 | J6: 0 | K6: 784254.54 | L6: 0.0069 | M6: 0 | N6: 0 | O6: =I6*L6+J6*M6+B6*N6*12 -> 605301.13
A7: RT | B7: 40.75 | C7: 264381 | D7: 0 | E7: 6689.52 | F7: =+H7-E7-G7 -> 32481.63 | G7: 0 | H7: 39171.15 | I7: =+C7+D7 -> 264381 | J7: 0 | K7: 2363.52 | L7: 0.0069 | M7: 0 | N7: 0 | O7: =I7*L7+J7*M7+B7*N7*12 -> 1824.2289
A8: R3(4) | B8: 13 | C8: 83742 | D8: 0 | E8: 1288.97 | F8: =+H8-E8-G8 -> 12241.72 | G8: 0 | H8: 13530.69 | I8: =+C8+D8 -> 83742 | J8: 0 | K8: 658.24 | L8: 0 | M8: 0 | N8: 2.93 | O8: =I8*L8+J8*M8+B8*N8*12 -> 457.08
A9: R4 | B9: 238.08 | C9: 916713 | D9: 1191211 | E9: 23440.71 | F9: =+H9-E9-G9 -> 87097.44 | G9: 0 | H9: 110538.15 | I9: =+C9+D9 -> 2107924 | J9: 0 | K9: 14302.06 | L9: 0.0069 | M9: 0 | N9: 0 | O9: =I9*L9+J9*M9+B9*N9*12 -> 14544.676
A10: Total | B10: =SUM(B6:B9) -> 17477.91 | C10: =SUM(C6:C9) -> 88831489 | D10: =SUM(D6:D9) -> 1349359.7 | E10: =SUM(E6:E9) -> 1723721.7 | F10: =SUM(F6:F9) -> 12628813 | G10: =SUM(G6:G9) -> 0 | H10: =SUM(H6:H9) -> 14352535 | I10: =SUM(I6:I9) -> 90180849 | ... K10: =SUM(K6:K9) -> 801578.36 | O10: =SUM(O6:O9) -> 622127.12 | P10: =O10/I10 -> 0.0068986611 | Q10: average rate
A12: Commercial (<1,000 KW), Non-Demand
A13: SG | B13: 3090.17 | C13: 15136924 | D13: 437940.98 | E13: 430831.34 | F13: =+H13-E13-G13 -> 2441682.7 | G13: 0 | H13: 2872514 | I13: =+C13+D13 -> 15574865 | J13: 0 | K13: 135191.19 | L13: 0.00703 | M13: 0 | N13: 0 | O13: =I13*L13+J13*M13+B13*N13*12 -> 109491.3
A14: ST | B14: 7.75 | C14: 68433 | D14: 0 | E14: 2289.66 | F14: =+H14-E14-G14 -> 9125.49 | G14: 0 | H14: 11415.15 | I14: =+C14+D14 -> 68433 | J14: 0 | K14: 593.99 | L14: 0.00703 | M14: 0 | N14: 0 | O14: =I14*L14+J14*M14+B14*N14*12 -> 481.08399
A15: S3(4) | B15: 3 | C15: 33288 | D15: 705 | E15: 418.32 | F15: =+H15-E15-G15 -> 5311.76 | G15: 0 | H15: 5730.08 | I15: =+C15+D15 -> 33993 | J15: 0 | K15: 229.47 | L15: 0 | M15: 0 | N15: 2.87 | O15: =I15*L15+J15*M15+B15*N15*12 -> 103.32
A16: S4 | B16: 6.25 | C16: 27816 | D16: 74709 | E16: 859.88 | F16: =+H16-E16-G16 -> 2466.81 | G16: 0 | H16: 3326.69 | I16: =+C16+D16 -> 102525 | J16: 0 | K16: 745.23 | L16: 0.00703 | M16: 0 | N16: 0 | O16: =I16*L16+J16*M16+B16*N16*12 -> 720.75075
A17: SL | B17: 1 | C17: 2121657 | D17: 0 | E17: 0 | F17: =+H17-E17-G17 -> 629603.34 | G17: 0 | H17: 629603.34 | I17: =+C17+D17 -> 2121657 | J17: 0 | K17: 18458.418 | L17: 0.007 | M17: 0 | N17: 0 | O17: =I17*L17+J17*M17+B17*N17*12 -> 14851.599
A18: Total | B18: =SUM(B13:B17) -> 3108.17 | C18: =SUM(C13:C17) -> 17388118 | D18: =SUM(D13:D17) -> 513354.98 | E18: =SUM(E13:E17) -> 434399.2 | F18: =SUM(F13:F17) -> 3088190.1 | G18: =SUM(G13:G17) -> 0 | H18: =SUM(H13:H17) -> 3522589.3 | I18: =SUM(I13:I17) -> 17901473 | ... K18: =SUM(K13:K17) -> 155218.3 | O18: =SUM(O13:O17) -> 125648.05 | P18: =O18/I18 -> 0.0070188668 | Q18: average rate
A20: Commercial (<1,000 KW), Demand
A21: LG | B21: 876.5 | C21: 1.3281966e+08 | D21: 3148811 | E21: 235775.68 | F21: =+H21-E21-G21 -> 11278803 | G21: 7515201.3 | H21: 19029780 | I21: =+C21+D21 -> 1.3596847e+08 | J21: 374047.92 | K21: 1219636.1 | L21: 0.00416 | M21: 1.09775 | N21: 0 | O21: =I21*L21+J21*M21+B21*N21*12 -> 976239.95
A22: LT | B22: 8.25 | C22: 832975 | D22: 0 | E22: 3889.89 | F22: =+H22-E22-G22 -> 71981.86 | G22: 80576.58 | H22: 156448.33 | I22: =+C22+D22 -> 832975 | J22: 4490.4 | K22: 10437.27 | L22: 0.00416 | M22: 1.09775 | N22: 0 | O22: =I22*L22+J22*M22+B22*N22*12 -> 8394.5126
A23: L4 | B23: 12 | C23: 8969310 | D23: 337821 | E23: 4924.82 | F23: =+H23-E23-G23 -> 760359.36 | G23: 414292.15 | H23: 1179576.3 | I23: =+C23+D23 -> 9307131 | J23: 20680.25 | K23: 76704.28 | L23: 0.00416 | M23: 1.09775 | N23: 0 | O23: =I23*L23+J23*M23+B23*N23*12 -> 61419.409
A24: PS | B24: 7 | C24: 23541268 | D24: 0 | E24: 103405.68 | F24: =+H24-E24-G24 -> 1835243.6 | G24: 866746.65 | H24: 2805395.9 | I24: =+C24+D24 -> 23541268 | J24: 43082.87 | K24: 181928.72 | L24: 0.00416 | M24: 1.09775 | N24: 0 | O24: =I24*L24+J24*M24+B24*N24*12 -> 145225.9
A25: P4 | B25: 1 | C25: 992201 | D25: 40244 | E25: 14772.24 | F25: =+H25-E25-G25 -> 87207.94 | G25: 53237.51 | H25: 155217.69 | I25: =+C25+D25 -> 1032445 | J25: 2925.2 | K25: 9284.38 | L25: 0.00416 | M25: 1.09775 | N25: 0 | O25: =I25*L25+J25*M25+B25*N25*12 -> 7506.1095
A26: Total | B26: =SUM(B21:B25) -> 904.75 | C26: =SUM(C21:C25) -> 1.6715542e+08 | D26: =SUM(D21:D25) -> 3526876 | E26: =SUM(E21:E25) -> 362768.31 | F26: =SUM(F21:F25) -> 14033596 | G26: =SUM(G21:G25) -> 8930054.2 | H26: =SUM(H21:H25) -> 23326418 | I26: =SUM(I21:I25) -> 1.7068229e+08 | ... K26: =SUM(K21:K25) -> 1497990.7 | O26: =SUM(O21:O25) -> 1198785.9 | P26: =O26/I26 -> 0.007023493 | Q26: average rate
A28: Total Commercial | B28: =B18+B26 -> 4012.92 | C28: =C18+C26 -> 1.8454353e+08 | D28: =D18+D26 -> 4040231 | E28: =E18+E26 -> 797167.51 | F28: =F18+F26 -> 17121786 | G28: =G18+G26 -> 8930054.2 | H28: =H18+H26 -> 26849008 | I28: =I18+I26 -> 1.8858377e+08 | ... K28: =K18+K26 -> 1653209 | O28: =O18+O26 -> 1324433.9 | P28: =O28/I28 -> 0.0070230538 | Q28: average rate
A30: Industrial (>=1,000 KW), Demand
A31: L2 | B31: 1 | C31: 1721056 | D31: 0 | E31: 492.48 | F31: =+H31-E31-G31 -> 153916.94 | G31: 139277.01 | H31: 293686.43 | I31: =+C31+D31 -> 1721056 | J31: 6953.42 | K31: 16305.07 | L31: 0.00323 | M31: 0.86942 | N31: 0 | O31: =I31*L31+J31*M31+B31*N31*12 -> 11604.453
A32: P2 | B32: 1 | C32: 42526270 | D32: 0 | E32: 14772.24 | F32: =+H32-E32-G32 -> 3306889.8 | G32: 1501507.1 | H32: 4823169.2 | I32: =+C32+D32 -> 42526270 | J32: 73852.44 | K32: 263385.74 | L32: 0.00323 | M32: 0.86942 | N32: 0 | O32: =I32*L32+J32*M32+B32*N32*12 -> 201568.64
A33: Total | B33: =SUM(B31:B32) -> 2 | C33: =SUM(C31:C32) -> 44247326 | D33: =SUM(D31:D32) -> 0 | E33: =SUM(E31:E32) -> 15264.72 | F33: =SUM(F31:F32) -> 3460806.8 | G33: =SUM(G31:G32) -> 1640784.2 | H33: =SUM(H31:H32) -> 5116855.7 | I33: =SUM(I31:I32) -> 44247326 | ... K33: =SUM(K31:K32) -> 279690.81 | O33: =SUM(O31:O32) -> 213173.09 | P33: =O33/I33 -> 0.0048177622 | Q33: average rate
A35: Total Utility | B35: =B10+B18+B26+B33 -> 21492.83 | C35: =C10+C18+C26+C33 -> 3.1762235e+08 | D35: =D10+D18+D26+D33 -> 5389590.7 | E35: =E10+E18+E26+E33 -> 2536153.9 | F35: =F10+F18+F26+F33 -> 33211406 | G35: =G10+G18+G26+G33 -> 10570838 | H35: =H10+H18+H26+H33 -> 46318398 | I35: =I10+I18+I26+I33 -> 3.2301194e+08 | ... K35: =K10+K18+K26+K33 -> 2734478.2 | O35: =O10+O18+O26+O33 -> 2159734.1 | P35: =O35/I35 -> 0.0066862363 | Q35: average rate
A38: Notes:
A39: 1) Source: CY2021 BED Revenue Report (unbilled sales & revenues not included).
A40: 2) EEC charge is applied to Gross KWH Sales for individual net-metering and group net-metering customers (PUC change - effective July 1, 2021).
A41: 3) The reported KW Demands, are those subject to EEC Charges.
A42: 4) Legacy net-metering customers on the R3 and S3 rates (having no Production Meter), are billed a flat monthly EEC charge (PUC change - effective July 1, 2021).

Sheet Util Rev and Load Data
A1: BURLINGTON ELECTRIC DEPARTMENT
A2: ENERGY EFFICIENCY CHARGE
A3: RATE CALCULATION
A4: RATE YEAR: 2021
A5: INFORMATION REQUIREMENT SUMMARY
A6: PER PUC RULE 5.300
A7: Only updated for BED's EEC
A8: A | B8: B | C8: C | D8: D | E8: E | F8: F | G8: G | H8: H | I8: I | J8: J | K8: K | L8: L | M8: M | N8: N | O8: O | P8: P | Q8: Q | R8: R | S8: S | T8: T | U8: U | V8: V. | W8: W | X8: X | Y8: Y | Z8: Z | AA8: AA | AB8: AB | AC8: AC | AD8: AD
A9: 2021 REVENUES (See Note 1)
B10: Residential | F10: Commercial (less than 1,000 kW) | R10: Industrial (1,000 or greater kW)
F11: Non Demand Customers | J11: Demand Customers | R11: Non Demand Customers | U11: Demand Customers | AD11: Annual
B12: Customer | C12: Energy and | F12: Customer | G12: Energy & | J12: Customer | L12: Capacity (Billed) | P12: Total | R12: Customer | S12: Energy & | U12: Customer | W12: Capacity (Billed) | AA12: Total | AB12: Other | AC12: Total | AD12: Report and or
A13: Company | B13: Charge | C13: Capacity | D13: Total | F13: Charge | G13: Capacity | H13: Street Lights | I13: Total | J13: Charge | K13: Energy | L13: On-Peak | M13: Off Peak | N13: Total Demand | O13: Total | P13: Commercial | R13: Charge | S13: Capacity | T13: Total | U13: Charge | V13: Energy | W13: On-Peak | X13: Off Peak | Y13: Total Demand | Z13: Total | AA13: Industrial | AB13: Revenue | AC13: Company | AD13: FERC Form 1
A14: Unit of Measure | B14: $ | C14: $ | D14: $ | F14: $ | G14: $ | H14: $ | I14: $ | J14: $ | K14: $ | L14: $ | M14: $ | N14: $ | O14: $ | P14: $ | R14: $ | S14: $ | T14: $ | U14: $ | V14: $ | W14: $ | X14: $ | Y14: $ | Z14: $ | AA14: $ | AB14: $ | AC14: $ | AD14: $
A15: Cell Formula | D15: B+C | I15: F+G+H | N15: L+M | O15: J+K+N | P15: I+O | T15: R+S | Y15: W+X | Z15: U+V+Y | AA15: T+Z | AC15: D+P+AA+AB
A16: Authorized EEC Exclusions
A18: GMP Customer 1 | B18: 0 | C18: 0 | D18: =+C18+B18 -> 0 | F18: 0 | G18: 0 | H18: 0 | I18: =+F18+G18+H18 -> 0 | J18: 0 | K18: 0 | L18: 0 | M18: 0 | N18: =+L18+M18 -> 0 | O18: =+J18+K18+N18 -> 0 | P18: =+I18+O18 -> 0 | R18: 0 | S18: 0 | T18: =+S18+R18 -> 0 | U18: 57645 | V18: 31455392 | W18: 2696477 | X18: 1760702 | Y18: =+W18+X18 -> 4457179 | Z18: =+U18+V18+Y18 -> 35970216 | AA18: =+T18+Z18 -> 35970216 | AC18: =D18+P18+AA18+AB18 -> 35970216
A19: GMP Customer 2 | B19: 0 | C19: 0 | D19: =+C19+B19 -> 0 | F19: 0 | G19: 0 | H19: 0 | I19: =+F19+G19+H19 -> 0 | J19: 0 | K19: 0 | L19: 0 | M19: 0 | N19: =+L19+M19 -> 0 | O19: =+J19+K19+N19 -> 0 | P19: =+I19+O19 -> 0 | R19: 0 | S19: 0 | T19: =+S19+R19 -> 0 | U19: 31071 | V19: 11439591 | W19: 3965016 | X19: 870786 | Y19: =+W19+X19 -> 4835802 | Z19: =+U19+V19+Y19 -> 16306464 | AA19: =+T19+Z19 -> 16306464 | AC19: =D19+P19+AA19+AB19 -> 16306464
A21: Total Exclusions (see Note 2) | D21: =+D18 -> 0 | I21: =+I18 -> 0 | N21: =+N18 -> 0 | O21: =+O18 -> 0 | P21: =+P18 -> 0 | T21: =+T18 -> 0 | Y21: =+Y19+Y18 -> 9292981 | Z21: =+Z19+Z18 -> 52276680 | AA21: =+AA19+AA18 -> 52276680 | AC21: =+AC19+AC18 -> 52276680
A23: Retail Sales Subject To EEC Charge:
A24: Barton | B24: 245199.4 | C24: 1800848.3 | D24: =+C24+B24 -> 2046047.7 | F24: 25016.64 | G24: 185492.19 | H24: 33880.02 | I24: =+F24+G24+H24 -> 244388.85 | J24: 23904 | K24: 355183.75 | L24: 96999.72 | M24: 0 | N24: =+L24+M24 -> 96999.72 | O24: =+J24+K24+N24 -> 476087.47 | P24: =+I24+O24 -> 720476.32 | R24: 0 | S24: 0 | T24: =+S24+R24 -> 0 | U24: 0 | V24: 0 | W24: 0 | X24: 0 | Y24: =+W24+X24 -> 0 | Z24: =+U24+V24+Y24 -> 0 | AA24: =+T24+Z24 -> 0 | AB24: 0 | AC24: =D24+P24+AA24+AB24 -> 2766524
A25: Burlington Electric Dept (BED) | B25: =+'EEC Billing Determinants'!E10 -> 1723721.7 | C25: ='EEC Billing Determinants'!F10 -> 12628813 | D25: =+C25+B25 -> 14352535 | F25: ='EEC Billing Determinants'!E18 -> 434399.2 | G25: =SUM('EEC Billing Determinants'!F13:F16) -> 2458586.8 | H25: ='EEC Billing Determinants'!F17 -> 629603.34 | I25: =SUM(F25:H25) -> 3522589.3 | J25: ='EEC Billing Determinants'!E26 -> 362768.31 | K25: ='EEC Billing Determinants'!F26 -> 14033596 | N25: ='EEC Billing Determinants'!G26 -> 8930054.2 | O25: =J25+K25+N25 -> 23326418 | P25: =I25+O25 -> 26849008 | R25: 0 | S25: 0 | T25: =+S25+R25 -> 0 | U25: ='EEC Billing Determinants'!E33 -> 15264.72 | V25: ='EEC Billing Determinants'!F33 -> 3460806.8 | Y25: ='EEC Billing Determinants'!G33 -> 1640784.2 | Z25: =U25+V25+Y25 -> 5116855.7 | AA25: =+T25+Z25 -> 5116855.7 | AB25: 0 | AC25: =D25+P25+AA25+AB25 -> 46318398
A26: Enosburg Falls | B26: 168914.25 | C26: 2009121.5 | D26: =+C26+B26 -> 2178035.8 | F26: 30832.56 | G26: 331935.99 | H26: 28071 | I26: =+F26+G26+H26 -> 390839.55 | J26: 13805.76 | K26: 1083729.8 | L26: 314956.22 | M26: 0 | N26: =+L26+M26 -> 314956.22 | O26: =+J26+K26+N26 -> 1412491.8 | P26: =+I26+O26 -> 1803331.3 | R26: 0 | S26: 0 | T26: =+S26+R26 -> 0 | U26: 0 | V26: 0 | W26: 0 | X26: 0 | Y26: =+W26+X26 -> 0 | Z26: =+U26+V26+Y26 -> 0 | AA26: =+T26+Z26 -> 0 | AB26: 0 | AC26: =D26+P26+AA26+AB26 -> 3981367.1 | AF26: GMP data OYMA included
A27: Green Mountain Power | B27: 34779602 | C27: 216290663 | D27: =+C27+B27 -> 251070265 | F27: 5408721 | G27: 30939750 | H27: 4511902 | I27: =+F27+G27+H27 -> 40860373 | J27: 6763102 | K27: 107696558 | L27: 55724234 | M27: 8186332 | N27: =+L27+M27 -> 63910566 | O27: =+J27+K27+N27 -> 178370226 | P27: =+I27+O27 -> 219230599 | R27: 0 | S27: 0 | T27: =+S27+R27 -> 0 | U27: =IF('EEC Rates Report'!$F$34=1,'Util Rev and Load Data'!AF27-'Util Rev and Load Data'!U19,'Util Rev and Load Data'!AF27) -> 326255 | V27: =IF('EEC Rates Report'!$F$34=1,'Util Rev and Load Data'!AG27-'Util Rev and Load Data'!V19,'Util Rev and Load Data'!AG27) -> 40709008 | W27: =IF('EEC Rates Report'!$F$34=1,'Util Rev and Load Data'!AH27-'Util Rev and Load Data'!W19,'Util Rev and Load Data'!AH27) -> 17685687 | X27: =IF('EEC Rates Report'!$F$34=1,'Util Rev and Load Data'!AI27-'Util Rev and Load Data'!X19,'Util Rev and Load Data'!AI27) -> 4020052 | Y27: =+W27+X27 -> 21705739 | Z27: =+U27+V27+Y27 -> 62741002 | AA27: =+T27+Z27 -> 62741002 | AB27: 421 | AC27: =D27+P27+AA27+AB27 -> 533042287 | AF27: =357326 -> 357326 | AG27: 52148599 | AH27: 21650703 | AI27: 4890838
A28: Hardwick | B28: 508462.91 | C28: 3587452.1 | D28: =+C28+B28 -> 4095915 | F28: 72493.5 | G28: 845288.5 | H28: 45052 | I28: =+F28+G28+H28 -> 962834 | J28: 46278.69 | K28: 474972.91 | L28: 316044.4 | M28: 0 | N28: =+L28+M28 -> 316044.4 | O28: =+J28+K28+N28 -> 837296 | P28: =+I28+O28 -> 1800130 | R28: 0 | S28: 0 | T28: =+S28+R28 -> 0 | U28: 0 | V28: 0 | W28: 0 | X28: 0 | Y28: =+W28+X28 -> 0 | Z28: =+U28+V28+Y28 -> 0 | AA28: =+T28+Z28 -> 0 | AB28: 0 | AC28: =D28+P28+AA28+AB28 -> 5896045
A29: Hyde Park | B29: 204405.85 | C29: 1180090.4 | D29: =+C29+B29 -> 1384496.3 | F29: 36015.78 | G29: 353853.19 | H29: 10974.69 | I29: =+F29+G29+H29 -> 400843.66 | J29: 9070.25 | K29: 156455.21 | L29: 106491.99 | M29: 0 | N29: =+L29+M29 -> 106491.99 | O29: =+J29+K29+N29 -> 272017.45 | P29: =+I29+O29 -> 672861.11 | R29: 0 | S29: 0 | T29: =+S29+R29 -> 0 | U29: 0 | V29: 0 | W29: 0 | X29: 0 | Y29: =+W29+X29 -> 0 | Z29: =+U29+V29+Y29 -> 0 | AA29: =+T29+Z29 -> 0 | AB29: 0 | AC29: =D29+P29+AA29+AB29 -> 2057357.4
A30: Jacksonville | B30: 62468.86 | C30: 508792.6 | D30: =+C30+B30 -> 571261.46 | F30: 4201.77 | G30: 94861.15 | H30: 3307.76 | I30: =+F30+G30+H30 -> 102370.68 | J30: 984.96 | K30: 83525.35 | L30: 65281 | M30: 0 | N30: =+L30+M30 -> 65281 | O30: =+J30+K30+N30 -> 149791.31 | P30: =+I30+O30 -> 252161.99 | R30: 0 | S30: 0 | T30: =+S30+R30 -> 0 | U30: 0 | V30: 0 | W30: 0 | X30: 0 | Y30: =+W30+X30 -> 0 | Z30: =+U30+V30+Y30 -> 0 | AA30: =+T30+Z30 -> 0 | AB30: 0 | AC30: =D30+P30+AA30+AB30 -> 823423.45
A31: Johnson | B31: 114820 | C31: 747373 | D31: =+C31+B31 -> 862193 | F31: 33160 | G31: 309235 | H31: 16016 | I31: =+F31+G31+H31 -> 358411 | J31: 12008 | K31: 587718 | L31: 280803 | M31: 0 | N31: =+L31+M31 -> 280803 | O31: =+J31+K31+N31 -> 880529 | P31: =+I31+O31 -> 1238940 | R31: 0 | S31: 0 | T31: =+S31+R31 -> 0 | U31: 0 | V31: 0 | W31: 0 | X31: 0 | Y31: =+W31+X31 -> 0 | Z31: =+U31+V31+Y31 -> 0 | AA31: =+T31+Z31 -> 0 | AB31: 4985 | AC31: =D31+P31+AA31+AB31 -> 2106118
A32: Ludlow | B32: 349282 | C32: 1790060 | D32: =+C32+B32 -> 2139342 | F32: 198072 | G32: 823274 | H32: 100494 | I32: =+F32+G32+H32 -> 1121840 | J32: 149807 | K32: 963285 | L32: 763891 | M32: 0 | N32: =+L32+M32 -> 763891 | O32: =+J32+K32+N32 -> 1876983 | P32: =+I32+O32 -> 2998823 | R32: 0 | S32: 0 | T32: =+S32+R32 -> 0 | U32: 213020 | V32: 1211046 | W32: 929159 | X32: 0 | Y32: =+W32+X32 -> 929159 | Z32: =+U32+V32+Y32 -> 2353225 | AA32: =+T32+Z32 -> 2353225 | AB32: 0 | AC32: =D32+P32+AA32+AB32 -> 7491390 | AG32: `
A33: Lyndonville | B33: 541408 | C33: 4205924 | D33: =+C33+B33 -> 4747332 | F33: 157624 | G33: 1713197 | H33: 102978 | I33: =+F33+G33+H33 -> 1973799 | J33: 87229.01 | K33: 1372141.1 | L33: 1012422.8 | M33: 0 | N33: =+L33+M33 -> 1012422.8 | O33: =+J33+K33+N33 -> 2471793 | P33: =+I33+O33 -> 4445592 | R33: 0 | S33: 0 | T33: =+S33+R33 -> 0 | U33: 0 | V33: 0 | W33: 0 | X33: 0 | Y33: =+W33+X33 -> 0 | Z33: =+U33+V33+Y33 -> 0 | AA33: =+T33+Z33 -> 0 | AB33: 0 | AC33: =D33+P33+AA33+AB33 -> 9192924
A34: Morrisville | B34: 370330.34 | C34: 2901988.5 | D34: =+C34+B34 -> 3272318.9 | F34: 74944.47 | G34: 875266.59 | H34: 22679.58 | I34: =+F34+G34+H34 -> 972890.64 | J34: 58795.44 | K34: 2075917.4 | L34: 560086.21 | M34: 0 | N34: =+L34+M34 -> 560086.21 | O34: =+J34+K34+N34 -> 2694799 | P34: =+I34+O34 -> 3667689.7 | R34: 0 | S34: 0 | T34: =+S34+R34 -> 0 | U34: 0 | V34: 0 | W34: 0 | X34: 0 | Y34: =+W34+X34 -> 0 | Z34: =+U34+V34+Y34 -> 0 | AA34: =+T34+Z34 -> 0 | AB34: 0 | AC34: =D34+P34+AA34+AB34 -> 6940008.5
A35: Northfield | B35: 154160.46 | C35: 1206504.7 | D35: =+C35+B35 -> 1360665.2 | F35: 38776.9 | G35: 349044.47 | H35: 26403.92 | I35: =+F35+G35+H35 -> 414225.29 | J35: 5718.54 | K35: 712846.31 | L35: 168316.33 | M35: 0 | N35: =+L35+M35 -> 168316.33 | O35: =+J35+K35+N35 -> 886881.17 | P35: =+I35+O35 -> 1301106.5 | R35: 0 | S35: 0 | T35: =+S35+R35 -> 0 | U35: 6088.68 | V35: 924378.43 | W35: 120909.33 | X35: 0 | Y35: =+W35+X35 -> 120909.33 | Z35: =+U35+V35+Y35 -> 1051376.4 | AA35: =+T35+Z35 -> 1051376.4 | AB35: 0 | AC35: =D35+P35+AA35+AB35 -> 3713148.1
A36: Orleans | B36: 68646.49 | C36: 439998.46 | D36: =+C36+B36 -> 508644.95 | F36: 24011.8 | G36: 261447 | H36: 15968 | I36: =+F36+G36+H36 -> 301426.8 | J36: 0 | K36: 0 | L36: 0 | M36: 0 | N36: =+L36+M36 -> 0 | O36: =+J36+K36+N36 -> 0 | P36: =+I36+O36 -> 301426.8 | R36: 0 | S36: 0 | T36: =+S36+R36 -> 0 | U36: 15817 | V36: 701498.24 | W36: 330570.34 | X36: 0 | Y36: =+W36+X36 -> 330570.34 | Z36: =+U36+V36+Y36 -> 1047885.6 | AA36: =+T36+Z36 -> 1047885.6 | AB36: 0 | AC36: =D36+P36+AA36+AB36 -> 1857957.3
A37: Stowe | B37: 568791.2 | C37: 3418733.8 | D37: =+C37+B37 -> 3987525 | F37: 115167.24 | G37: 1203960.4 | H37: 9927 | I37: =+F37+G37+H37 -> 1329054.6 | J37: 180154.3 | K37: 3084071.8 | L37: 1581910.3 | M37: 0 | N37: =+L37+M37 -> 1581910.3 | O37: =+J37+K37+N37 -> 4846136.4 | P37: =+I37+O37 -> 6175191 | R37: 0 | S37: 0 | T37: =+S37+R37 -> 0 | U37: 102638.64 | V37: 673501 | W37: 610738.89 | X37: 0 | Y37: =+W37+X37 -> 610738.89 | Z37: =+U37+V37+Y37 -> 1386878.5 | AA37: =+T37+Z37 -> 1386878.5 | AB37: 0 | AC37: =D37+P37+AA37+AB37 -> 11549595
A38: Swanton | B38: 269539.41 | C38: 3031138.5 | D38: =+C38+B38 -> 3300677.9 | F38: 32028.48 | G38: 580387.42 | H38: 26766.05 | I38: =+F38+G38+H38 -> 639181.95 | J38: 27239.52 | K38: 1877601.2 | L38: 1230747.6 | M38: 0 | N38: =+L38+M38 -> 1230747.6 | O38: =+J38+K38+N38 -> 3135588.4 | P38: =+I38+O38 -> 3774770.4 | R38: 0 | S38: 0 | T38: =+S38+R38 -> 0 | U38: 0 | V38: 0 | W38: 0 | X38: 0 | Y38: =+W38+X38 -> 0 | Z38: =+U38+V38+Y38 -> 0 | AA38: =+T38+Z38 -> 0 | AB38: 0 | AC38: =D38+P38+AA38+AB38 -> 7075448.3
A39: Vermont Electric Coop (VEC). | B39: 7205651.3 | C39: 34120092 | D39: =+C39+B39 -> 41325744 | F39: 930203 | G39: 9979655 | H39: 684133.17 | I39: =+F39+G39+H39 -> 11593991 | J39: 59162.54 | K39: 10294965 | L39: 1465054 | M39: 0 | N39: =+L39+M39 -> 1465054 | O39: =+J39+K39+N39 -> 11819182 | P39: =+I39+O39 -> 23413173 | R39: 8370 | S39: 819118 | T39: =+S39+R39 -> 827488 | U39: 25111.08 | V39: 6793365.2 | W39: 1975613 | X39: 0 | Y39: =+W39+X39 -> 1975613 | Z39: =+U39+V39+Y39 -> 8794089.3 | AA39: =+T39+Z39 -> 9621577.3 | AB39: 0 | AC39: =D39+P39+AA39+AB39 -> 74360494
A40: Washington Electric Coop (WEC) | B40: 1622425 | C40: 11169619 | D40: =+C40+B40 -> 12792044 | F40: 92219.19 | G40: 960775.28 | H40: 0 | I40: =+F40+G40+H40 -> 1052994.5 | J40: 0 | K40: 0 | L40: 0 | M40: 0 | N40: =+L40+M40 -> 0 | O40: =+J40+K40+N40 -> 0 | P40: =+I40+O40 -> 1052994.5 | R40: 0 | S40: 0 | T40: =+S40+R40 -> 0 | U40: 3175.42 | V40: 363808.56 | W40: 160669.83 | X40: 0 | Y40: =+W40+X40 -> 160669.83 | Z40: =+U40+V40+Y40 -> 527653.81 | AA40: =+T40+Z40 -> 527653.81 | AB40: 0 | AC40: =D40+P40+AA40+AB40 -> 14372692
A41: Total Subject to EEC Charge | B41: =SUM(B24:B40) -> 48957829 | C41: =SUM(C24:C40) -> 3.0103721e+08 | D41: =B41+C41 -> 3.4999504e+08 | F41: =SUM(F24:F40) -> 7707887.5 | G41: =SUM(G24:G40) -> 52266010 | H41: =SUM(H24:H40) -> 6268156.5 | I41: =F41+G41+H41 -> 66242054 | J41: =SUM(J24:J40) -> 7800028.3 | K41: =SUM(K24:K40) -> 1.4485257e+08 | L41: =SUM(L24:L40) -> 63687239 | M41: =SUM(M24:M40) -> 8186332 | N41: =L41+M41 -> 71873571 | O41: =J41+K41+N41 -> 2.2452617e+08 | P41: =I41+O41 -> 2.9076822e+08 | R41: =SUM(R24:R40) -> 8370 | S41: =SUM(S24:S40) -> 819118 | T41: =R41+S41 -> 827488 | U41: =SUM(U24:U40) -> 707370.54 | V41: =SUM(V24:V40) -> 54837412 | W41: =SUM(W24:W40) -> 21813347 | X41: =SUM(X24:X40) -> 4020052 | Y41: =W41+X41 -> 25833399 | Z41: =U41+V41+Y41 -> 81378182 | AA41: =T41+Z41 -> 82205670 | AB41: =SUM(AB24:AB40) -> 5406 | AC41: =SUM(AC24:AC40) -> 7.3354518e+08 | AD41: =SUM(AD24:AD40) -> 0
A43: Less BED | B43: =+B25 -> 1723721.7 | C43: =+C25 -> 12628813 | D43: =+D25 -> 14352535 | F43: =+F25 -> 434399.2 | G43: =+G25 -> 2458586.8 | H43: =+H25 -> 629603.34 | I43: =+I25 -> 3522589.3 | J43: =+J25 -> 362768.31 | K43: =+K25 -> 14033596 | L43: =+L25 -> 0 | M43: =+M25 -> 0 | ... P43: =+P25 -> 26849008 | R43: =+R25 -> 0 | S43: =+S25 -> 0 | T43: =+T25 -> 0 | U43: =+U25 -> 15264.72 | V43: =+V25 -> 3460806.8 | W43: =+W25 -> 0 | X43: =+X25 -> 0 | Y43: =+Y25 -> 1640784.2 | ... AD43: =+AD25 -> 0
A44: All Other Utilities | B44: =B41-B43 -> 47234107 | C44: =C41-C43 -> 2.884084e+08 | D44: =D41-D43 -> 3.3564251e+08 | E44: =E41-E43 -> 0 | F44: =F41-F43 -> 7273488.3 | G44: =G41-G43 -> 49807423 | H44: =H41-H43 -> 5638553.2 | I44: =I41-I43 -> 62719465 | ... P44: =P41-P43 -> 2.6391921e+08 | R44: =R41-R43 -> 8370 | S44: =S41-S43 -> 819118 | T44: =T41-T43 -> 827488 | U44: =U41-U43 -> 692105.82 | V44: =V41-V43 -> 51376605 | W44: =W41-W43 -> 21813347 | X44: =X41-X43 -> 4020052 | Y44: =Y41-Y43 -> 24192615 | ... AD44: =AD41-AD43 -> 0 | AF44: =+Z44+AF27-Z25 -> 71501797
A46: Total Statewide | B46: xxx | C46: xxx | D46: =D41+D21 -> 3.4999504e+08 | F46: xxx | G46: xxx | H46: =H41+H21 -> 6268156.5 | I46: xxx | J46: xxx | K46: xxx | L46: xxx | M46: xxx | N46: xxx | O46: xxx | P46: =P41+P21 -> 2.9076822e+08 | R46: xxx | S46: xxx | T46: xxx | U46: xxx | V46: xxx | W46: xxx | X46: xxx | Y46: xxx | Z46: xxx | AA46: =AA41+AA21 -> 1.3448235e+08 | AC46: =AC41+AC21 -> 7.8582186e+08
A48: As Reported To FERC/Annual Report | B48: xxx | C48: xxx | F48: xxx | G48: xxx | I48: xxx | J48: xxx | K48: xxx | L48: xxx | M48: xxx | N48: xxx | O48: xxx | R48: xxx | S48: xxx | T48: xxx | U48: xxx | V48: xxx | W48: xxx | X48: xxx | Y48: xxx | Z48: xxx
A50: Difference | B50: xxx | C50: xxx | D50: =D46-D48 -> 3.4999504e+08 | F50: xxx | G50: xxx | H50: =H46-H48 -> 6268156.5 | I50: xxx | J50: xxx | K50: xxx | L50: xxx | M50: xxx | N50: xxx | O50: xxx | P50: =P46-P48 -> 2.9076822e+08 | R50: xxx | S50: xxx | T50: xxx | U50: xxx | V50: xxx | W50: xxx | X50: xxx | Y50: xxx | Z50: xxx | AA50: =AA46-AA48 -> 1.3448235e+08 | AB50: =AB46-AB48 -> 0 | AC50: =AC46-AC48 -> 7.8582186e+08
W52: =+W25 -> 0
W53: =+W66 -> 630018
A56: A | B56: B | C56: C | D56: D | E56: E | F56: F | G56: G | H56: H | I56: I | J56: J | K56: K | L56: L | M56: M | N56: N | O56: O | P56: P | Q56: Q | R56: R | S56: S | T56: T | U56: U | V56: V. | W56: W | X56: X | Y56: Y | Z56: Z | AA56: AA | AB56: AB | AC56: AC | AD56: AD
A57: 2021 BILLING DETERMINANTS (See Note 1)
B58: Residential | F58: Commercial (less than 1,000 kw) | R58: Industrial (1,000 or greater kW)
G59: Non Demand Customers | K59: Demand Customers | R59: Non Demand | U59: Demand Customers | AA59: Total | AB59: Other
C60: Energy and | G60: Energy & | L60: Capacity (Billed) | P60: Total | S60: Energy & | W60: Capacity (Billed) | AA60: Industrial | AB60: Revenue | AC60: Total Company
A61: Company | C61: Capacity | G61: Capacity | H61: StreetLights | I61: Total | K61: Energy | L61: On-Peak | M61: Off Peak | N61: Total | P61: Commercial | S61: Capacity | V61: Energy | W61: On-Peak | X61: Off Peak | Y61: Total
A62: Unit of Measure | C62: kWh | G62: kWh | H62: kWh | I62: kWh | K62: kWh | L62: kW | M62: kW | N62: kW | P62: kWh | S62: kWh | V62: kWh | W62: kW | X62: kW | Y62: kW | AA62: kWh | AB62: kWh | AC62: kWh | AD62: kW
A63: Cell Formula | I63: G+H | N63: L+M | P63: I+K | Y63: W+X | AA63: S+V | AC63: C+P+AA+AB | AD63: N+Y
A64: Authorized EEC Exclusions
A66: GMP | C66: 0 | G66: 0 | H66: 0 | I66: =+G66+H66 -> 0 | K66: 0 | L66: 0 | M66: 0 | N66: =+L66+M66 -> 0 | O66: 0 | P66: =+I66+K66 -> 0 | S66: 0 | V66: 403692000 | W66: 630018 | X66: 611355 | Y66: =+W66+X66 -> 1241373 | AA66: =+S66+V66 -> 403692000 | AB66: 0 | AC66: =+C66+P66+AA66+AB66 -> 403692000 | AD66: =+N66+Y66 -> 1241373
V67: 191758185 | W67: 320085 | X67: 318448 | Y67: =+W67+X67 -> 638533 | AA67: =+S67+V67 -> 191758185 | AB67: 0 | AC67: =+C67+P67+AA67+AB67 -> 191758185 | AD67: =+N67+Y67 -> 638533
A69: Total Exclusions (see Note 2) | C69: =+C66 -> 0 | I69: =+G69+H69 -> 0 | N69: =+L69+M69 -> 0 | P69: =+I69+K69 -> 0 | S69: =+S66 -> 0 | V69: =+V66 -> 403692000 | W69: =+W66 -> 630018 | X69: =+X66 -> 611355 | Y69: =+Y66 -> 1241373 | AA69: =+S69+V69 -> 403692000 | AC69: =+C69+P69+AA69+AB69 -> 403692000 | AD69: =+N69+Y69 -> 1241373
A71: kWh and kW Subject To EEC Charge:
A72: Barton | C72: 10057047 | G72: 940859 | H72: 126308 | I72: =+G72+H72 -> 1067167 | K72: 2388291 | L72: 7899 | M72: 0 | N72: =+L72+M72 -> 7899 | P72: =+I72+K72 -> 3455458 | S72: 0 | V72: 0 | W72: 0 | X72: 0 | Y72: =+W72+X72 -> 0 | AA72: =+S72+V72 -> 0 | AB72: 0 | AC72: =+C72+P72+AA72+AB72 -> 13512505 | AD72: =+N72+Y72 -> 7899
A73: Burlington Electric Dept (BED) | C73: ='EEC Billing Determinants'!I10 -> 90180849 | G73: =SUM('EEC Billing Determinants'!I13:I16) -> 15779816 | H73: ='EEC Billing Determinants'!I17 -> 2121657 | I73: =+G73+H73 -> 17901473 | K73: ='EEC Billing Determinants'!I26 -> 1.7068229e+08 | N73: ='EEC Billing Determinants'!J26 -> 445226.64 | P73: =+I73+K73 -> 1.8858377e+08 | S73: 0 | V73: ='EEC Billing Determinants'!I33 -> 44247326 | Y73: ='EEC Billing Determinants'!J33 -> 80805.86 | AA73: =+S73+V73 -> 44247326 | AB73: 0 | AC73: =+C73+P73+AA73+AB73 -> 3.2301194e+08 | AD73: =+N73+Y73 -> 526032.5
A74: Enosburg Falls | C74: 13562208 | G74: 2216305 | H74: 158053 | I74: =+G74+H74 -> 2374358 | K74: 10235836 | L74: 24874.48 | M74: 0 | O74: 0 | P74: =+I74+K74 -> 12610194 | S74: 0 | V74: 0 | W74: 0 | X74: 0 | Y74: =+W74+X74 -> 0 | Z74: 0 | AA74: =+S74+V74 -> 0 | AB74: 0 | AC74: =+C74+P74+AA74+AB74 -> 26172402 | AD74: =+#REF!+Y74 -> #REF! | AG74: GMP data OYMA included
A75: Green Mountain Power | C75: 1464744000 | G75: 181600332 | H75: 11289000 | I75: =+G75+H75 -> 192889332 | K75: 1315524668 | L75: 4065138 | M75: 2337906 | O75: 2337906 | P75: =+I75+K75 -> 1508414000 | S75: 0 | V75: =IF('EEC Rates Report'!$F$34=1,'Util Rev and Load Data'!AG75-'Util Rev and Load Data'!V67,'Util Rev and Load Data'!AG75) -> 575008815 | W75: =IF('EEC Rates Report'!$F$34=1,'Util Rev and Load Data'!AH75-'Util Rev and Load Data'!W67,'Util Rev and Load Data'!AH75) -> 1118781 | X75: =IF('EEC Rates Report'!$F$34=1,'Util Rev and Load Data'!AI75-'Util Rev and Load Data'!X67,'Util Rev and Load Data'!AI75) -> 1226813 | Y75: =+W75+X75 -> 2345594 | Z75: =IF('EEC Rates Report'!$F$34=1,'Util Rev and Load Data'!AK75-'Util Rev and Load Data'!Z67,'Util Rev and Load Data'!AK75) -> 0 | AA75: =+S75+V75 -> 575008815 | AB75: 28000 | AC75: =+C75+P75+AA75+AB75 -> 3548194815 | AD75: =+#REF!+Y75 -> #REF! | AG75: 766767000 | AH75: 1438866 | AI75: 1545261
A76: Hardwick | C76: 23141723 | G76: 5006241 | H76: 184520 | I76: =+G76+H76 -> 5190761 | K76: 5072305 | L76: 31852 | M76: 0 | O76: 0 | P76: =+I76+K76 -> 10263066 | S76: 0 | V76: 0 | W76: 0 | X76: 0 | Y76: =+W76+X76 -> 0 | Z76: 0 | AA76: =+S76+V76 -> 0 | AB76: 0 | AC76: =+C76+P76+AA76+AB76 -> 33404789 | AD76: =+#REF!+Y76 -> #REF!
A77: Hyde Park | C77: 7782751 | G77: 2041607.8 | H77: 48894 | I77: =+G77+H77 -> 2090501.8 | K77: 1414960.2 | L77: 5097.7496 | M77: 0 | O77: 0 | P77: =+I77+K77 -> 3505462.1 | S77: 0 | V77: 0 | W77: 0 | X77: 0 | Y77: =+W77+X77 -> 0 | Z77: 0 | AA77: =+S77+V77 -> 0 | AB77: 0 | AC77: =+C77+P77+AA77+AB77 -> 11288213 | AD77: =+#REF!+Y77 -> #REF!
A78: Jacksonville | C78: 3500313 | G78: 570901 | H78: 17094.15 | I78: =+G78+H78 -> 587995.15 | K78: 866081 | L78: 4850 | M78: 0 | O78: 0 | P78: =+I78+K78 -> 1454076.1 | S78: 0 | V78: 0 | W78: 0 | X78: 0 | Y78: =+W78+X78 -> 0 | Z78: 0 | AA78: =+S78+V78 -> 0 | AB78: 0 | AC78: =+C78+P78+AA78+AB78 -> 4954389.2 | AD78: =+#REF!+Y78 -> #REF!
A79: Johnson | C79: 4928055 | G79: 1791524 | H79: 67208 | I79: =+G79+H79 -> 1858732 | K79: 5462097 | L79: 12584.06 | M79: 0 | O79: 0 | P79: =+I79+K79 -> 7320829 | S79: 0 | V79: 0 | W79: 0 | X79: 0 | Y79: =+W79+X79 -> 0 | Z79: 0 | AA79: =+S79+V79 -> 0 | AB79: 0 | AC79: =+C79+P79+AA79+AB79 -> 12248884 | AD79: =+#REF!+Y79 -> #REF!
A80: Ludlow | C80: 15978156 | G80: 5489141 | H80: 348276 | I80: =+G80+H80 -> 5837417 | K80: 12321631 | L80: 51888 | M80: 0 | O80: 0 | P80: =+I80+K80 -> 18159048 | S80: 0 | V80: 13283160 | W80: 56989 | X80: 0 | Y80: =+W80+X80 -> 56989 | Z80: 0 | AA80: =+S80+V80 -> 13283160 | AB80: 0 | AC80: =+C80+P80+AA80+AB80 -> 47420364 | AD80: =+#REF!+Y80 -> #REF!
A81: Lyndonville | C81: 30394368 | G81: 12001254 | H81: 487035 | I81: =+G81+H81 -> 12488289 | K81: 18033223 | L81: 58897.5 | M81: 0 | O81: 0 | P81: =+I81+K81 -> 30521512 | S81: 0 | V81: 0 | W81: 0 | X81: 0 | Y81: =+W81+X81 -> 0 | Z81: 0 | AA81: =+S81+V81 -> 0 | AB81: 0 | AC81: =+C81+P81+AA81+AB81 -> 60915880 | AD81: =+#REF!+Y81 -> #REF!
A82: Morrisville | C82: 20767905 | G82: 5787467 | H82: 37400 | I82: =+G82+H82 -> 5824867 | K82: 17459420 | L82: 51590.4 | M82: 0 | O82: 0 | P82: =+I82+K82 -> 23284287 | S82: 0 | V82: 0 | W82: 0 | X82: 0 | Y82: =+W82+X82 -> 0 | Z82: 0 | AA82: =+S82+V82 -> 0 | AB82: 0 | AC82: =+C82+P82+AA82+AB82 -> 44052192 | AD82: =+#REF!+Y82 -> #REF!
A83: Northfield | C83: 9862631 | G83: 2405120 | H83: 91938 | I83: =+G83+H83 -> 2497058 | K83: 6848575 | L83: 18997.328 | M83: 0 | O83: 0 | P83: =+I83+K83 -> 9345633 | S83: 0 | V83: 8391724 | W83: 18291.88 | X83: 0 | Y83: =+W83+X83 -> 18291.88 | Z83: 0 | AA83: =+S83+V83 -> 8391724 | AB83: 0 | AC83: =+C83+P83+AA83+AB83 -> 27599988 | AD83: =+#REF!+Y83 -> #REF!
A84: Orleans | C84: 3921505 | G84: 1966719 | H84: 147888 | I84: =+G84+H84 -> 2114607 | K84: 0 | L84: 0 | M84: 0 | O84: 0 | P84: =+I84+K84 -> 2114607 | S84: 0 | V84: 6960000 | W84: 25846 | X84: 0 | Y84: =+W84+X84 -> 25846 | Z84: 0 | AA84: =+S84+V84 -> 6960000 | AB84: 0 | AC84: =+C84+P84+AA84+AB84 -> 12996112 | AD84: =+#REF!+Y84 -> #REF!
A85: Stowe | C85: 22900914 | G85: 7634230 | H85: 40633 | I85: =+G85+H85 -> 7674863 | K85: 36188354 | L85: 101941.36 | M85: 0 | O85: 0 | P85: =+I85+K85 -> 43863217 | S85: 0 | V85: 9444800 | W85: 46070 | X85: 0 | Y85: =+W85+X85 -> 46070 | Z85: 0 | AA85: =+S85+V85 -> 9444800 | AB85: 0 | AC85: =+C85+P85+AA85+AB85 -> 76208931 | AD85: =+#REF!+Y85 -> #REF!
A86: Swanton | C86: 25023368 | G86: 4161015 | H86: 135290 | I86: =+G86+H86 -> 4296305 | K86: 23680644 | L86: 84646 | M86: 0 | O86: 0 | P86: =+I86+K86 -> 27976949 | S86: 0 | V86: 0 | W86: 0 | X86: 0 | Y86: =+W86+X86 -> 0 | Z86: 0 | AA86: =+S86+V86 -> 0 | AB86: 0 | AC86: =+C86+P86+AA86+AB86 -> 53000317 | AD86: =+#REF!+Y86 -> #REF!
A87: Vermont Electric Coop (VEC). | C87: 215029974 | G87: 65699550 | H87: 1788561 | I87: =+G87+H87 -> 67488111 | K87: 65055605 | L87: 316547.63 | M87: 0 | O87: 0 | P87: =+I87+K87 -> 132543716 | S87: 6346397 | V87: 90599394 | W87: 150525 | X87: 0 | Y87: =+W87+X87 -> 150525 | Z87: 0 | AA87: =+S87+V87 -> 96945791 | AB87: 0 | AC87: =+C87+P87+AA87+AB87 -> 444519481 | AD87: =+#REF!+Y87 -> #REF!
A88: Washington Electric Coop (WEC) | C88: 60071815 | G88: 5123367 | H88: 0 | I88: =+G88+H88 -> 5123367 | K88: 0 | L88: 0 | M88: 0 | O88: 0 | P88: =+I88+K88 -> 5123367 | S88: 3626379 | V88: 0 | W88: 0 | X88: 0 | Y88: =+W88+X88 -> 0 | Z88: 0 | AA88: =+S88+V88 -> 3626379 | AB88: 0 | AC88: =+C88+P88+AA88+AB88 -> 68821561 | AD88: =+#REF!+Y88 -> #REF!
A89: Total Subject to EEC Charge | C89: =SUM(C72:C88) -> 2.0218476e+09 | G89: =SUM(G72:G88) -> 3.2021545e+08 | H89: =SUM(H72:H88) -> 17089755 | I89: =G89+H89 -> 3.373052e+08 | K89: =SUM(K72:K88) -> 1.691234e+09 | L89: =SUM(L72:L88) -> 4836803.5 | M89: =SUM(M72:M88) -> 2337906 | O89: =SUM(O72:O88) -> 2337906 | P89: =SUM(P72:P88) -> 2.0285392e+09 | S89: =SUM(S72:S88) -> 9972776 | V89: =SUM(V72:V88) -> 747935219 | W89: =SUM(W72:W88) -> 1416502.9 | X89: =SUM(X72:X88) -> 1226813 | Y89: =SUM(Y72:Y72) -> 0 | Z89: =SUM(Z72:Z88) -> 0 | AA89: =SUM(AA72:AA88) -> 757907995 | AB89: =SUM(AB72:AB88) -> 28000 | AC89: =SUM(AC72:AC88) -> 4.8083228e+09 | AD89: =SUM(AD72:AD88) -> #REF!
A91: Total Statewide | C91: =C69+C89 -> 2.0218476e+09 | G91: =G69+G89 -> 3.2021545e+08 | H91: =H69+H89 -> 17089755 | I91: =I69+I89 -> 3.373052e+08 | K91: =K69+K89 -> 1.691234e+09 | L91: =L69+L89 -> 4836803.5 | M91: =M69+M89 -> 2337906 | O91: =O69+O89 -> 2337906 | P91: =P69+P89 -> 2.0285392e+09 | S91: =S69+S89 -> 9972776 | V91: =V69+V89 -> 1151627219 | W91: =W69+W89 -> 2046520.9 | X91: =X69+X89 -> 1838168 | Y91: =Y69+Y89 -> 1241373 | Z91: =Z69+Z89 -> 0 | AA91: =AA69+AA89 -> 1161599995 | AB91: =AB69+AB89 -> 28000 | AC91: =AC69+AC89 -> 5.2120148e+09 | AD91: =AD69+AD89 -> #REF!
A93: BED | C93: =C73 -> 90180849 | G93: =G73 -> 15779816 | H93: =H73 -> 2121657 | I93: =I73 -> 17901473 | K93: =K73 -> 1.7068229e+08 | L93: =L73 -> 0 | M93: =M73 -> 0 | N93: =N73 -> 445226.64 | O93: =O73 -> 0 | P93: =P73 -> 1.8858377e+08 | S93: =S73 -> 0 | V93: =V73 -> 44247326 | W93: =W73 -> 0 | X93: =X73 -> 0 | Y93: =Y73 -> 80805.86 | Z93: =Z73 -> 0 | AA93: =AA73 -> 44247326 | AB93: =AB73 -> 0 | AC93: =AC73 -> 3.2301194e+08 | AD93: =AD73 -> 526032.5
A94: All Others | C94: =C89-C93 -> 1931666733 | G94: =G89-G93 -> 3.0443563e+08 | H94: =H89-H93 -> 14968098 | I94: =I89-I93 -> 3.1940373e+08 | K94: =K89-K93 -> 1.5205517e+09 | L94: =L89-L93 -> 4836803.5 | M94: =M89-M93 -> 2337906 | N94: =#REF!-N93 -> #REF! | P94: =P89-P93 -> 1.8399554e+09 | S94: =S89-S93 -> 9972776 | V94: =V89-V93 -> 703687893 | W94: =W89-W93 -> 1416502.9 | X94: =X89-X93 -> 1226813 | Y94: =Y89-Y93 -> -80805.86 | AA94: =AA89-AA93 -> 713660669 | AB94: =AB89-AB93 -> 28000 | AC94: =AC89-AC93 -> 4.4853108e+09 | AD94: =AD89-AD93 -> #REF! | AG94: =+AA94+AG75-AA75 -> 905418854 | AH94: Industrial Load for EEC collection True Up
A98: As Reported To FERC/Annual Report | G98: xxx | I98: xxx | K98: xxx | L98: xxx | M98: xxx | N98: xxx | P98: =AC98-AA98-C98 -> 0 | S98: xxx | V98: xxx | W98: xxx | X98: xxx | Y98: xxx | AD98: xxx
A100: Difference | G100: xxx | H100: =H91-H98 -> 17089755 | I100: xxx | K100: xxx | L100: xxx | M100: xxx | N100: xxx | P100: =P91-P98 -> 2.0285392e+09 | S100: xxx | V100: xxx | W100: xxx | X100: xxx | Y100: xxx | AA100: =AA91-AA98 -> 1161599995 | AB100: =AB96-AB98 -> 0 | AC100: =AC91-AC98 -> 5.2120148e+09 | AD100: xxx
AC102: =AC93='EEC Billing Determinants'!I35 -> TRUE | AD102: =AD93='EEC Billing Determinants'!J35 -> TRUE
A104: Note 1: The following definitions shall apply for "Commercial" and "Industrial" Customer/Rate Classes; Commercial-less than 1,000 kw per month for all months during the preceding calendar year; Industrial-1,000 kW or more per month for any month during the preceding calendar year.
A105: "Rate Classes" and "Total Company" revenues and kWh as reported here and as reported to FERC should agree, however, if they do not the information reported here must be in accordance with the definitions shown above and any differences reconciled and reported on the Reconciliation Worksheets within this Workbook.
A107: Note 2: Authorized Exclusions (if any) apply only where Public Service Board Approval has been specifically granted:

Sheet EEC Uncollectibles
A1: =+'Util Rev and Load Data'!A1 -> BURLINGTON ELECTRIC DEPARTMENT
A2: Uncollectible
C4: 2021 | D4: 2021 | E4: 2021 | G4: 2022
C5: Estimated | D5: Actual | E5: True-Up | G5: Estimated
C6: (Note A) | D6: Note (B) | E6: Note (C) | G6: Note (D)
B7: Barton Village Inc. Electric Dept | C7: 0 | E7: =+D7-C7 -> 0 | G7: =+D7 -> 0
B8: Enosburg Falls Water & Light Dept | C8: 235.58 | D8: 359.38 | E8: =+D8-C8 -> 123.8 | G8: =+D8 -> 359.38
B9: Green Mountain Power | C9: 160780.12 | D9: 12765.65 | E9: =+D9-C9 -> -148014.47 | G9: =+D9 -> 12765.65
B10: Hardwick Electric Dept | C10: 0 | E10: =+D10-C10 -> 0 | G10: =+D10 -> 0
B11: Hyde Park Electric Dept | C11: 0 | E11: =+D11-C11 -> 0 | G11: =+D11 -> 0
B12: Jacksonville Electric Company | C12: 0 | E12: =+D12-C12 -> 0 | G12: =+D12 -> 0
B13: Johnson Electric Dept | C13: 201.17 | D13: 211.1 | E13: =+D13-C13 -> 9.93 | G13: =+D13 -> 211.1
B14: Ludlow Electric Light Dept | C14: 582.33 | D14: 445.84 | E14: =+D14-C14 -> -136.49 | G14: =+D14 -> 445.84
B15: Lyndonville Electric Dept | C15: 0 | E15: =+D15-C15 -> 0 | G15: =+D15 -> 0
B16: Morrisville Water & Light Dept | C16: 241.85 | D16: 739.64 | E16: =+D16-C16 -> 497.79 | G16: =+D16 -> 739.64
B17: Northfield Electric Dept | C17: 0 | E17: =+D17-C17 -> 0 | G17: =+D17 -> 0
B18: Orleans Electric Dept | C18: 0 | E18: =+D18-C18 -> 0 | G18: =+D18 -> 0
B19: Stowe Electric Dept | C19: 0 | E19: =+D19-C19 -> 0 | G19: =+D19 -> 0
B20: Swanton Village Inc. Electric Dept | C20: 284.53 | D20: 350.78 | E20: =+D20-C20 -> 66.25 | G20: =+D20 -> 350.78
B21: Vermont Electric Co-Operative | C21: 5749 | D21: 5419 | E21: =+D21-C21 -> -330 | G21: =+D21 -> 5419
B22: Washington Electric Co-Operative | C22: 0 | E22: =+D22-C22 -> 0 | G22: =+D22 -> 0
B24: Total of all Elec. Utilities except BED | C24: =+SUM(C7:C22) -> 168074.58 | D24: =+SUM(D7:D22) -> 20291.39 | E24: =+D24-C24 -> -147783.19 | G24: =SUM(G7:G22) -> 20291.39
B25: Burlington | C25: 15454 | D25: 16141 | E25: =+D25-C25 -> 687 | G25: 8607.72 | I25: <<Source = "T:\Finance Share\Energy Efficiency Utility\Utilities EEC Reimbursement (Due February annually)\CY 2021 Filing (due 2-20-22)\Calendar year EEU payments and ISO Capacity Payment.xlsx" , Tab "2021 Filing
B26: Grand Total | C26: =+SUM(C24+C25) -> 183528.58 | D26: =+SUM(D24+D25) -> 36432.39 | E26: =+SUM(E24+E25) -> -147096.19 | G26: =+SUM(G24+G25) -> 28899.11
A30: Note A | B30: From prior year EEC calculation
A31: Note B | B31: From Utility Invoice
A32: Note C | B32: Negative Difference indicates a need to increase collections by that amount.
A33: Note D | B33: Positive Difference indicates a need to decrease collections by that amount.

Sheet EEC Collection True-Up
A1: =+'EEC Uncollectibles'!A1 -> BURLINGTON ELECTRIC DEPARTMENT | L1: SG kWh | M1: ='EEC Billing Determinants'!I18 -> 17901473 | N1: ='EEC Billing Determinants'!L13 -> 0.00703 | O1: =(M1/M3)*N1 -> 0.00066732868
A2: EEC Collection True-Up By Rate Class | L2: LG kWh | M2: ='EEC Billing Determinants'!I26 -> 1.7068229e+08 | N2: ='EEC Billing Determinants'!L21 -> 0.00416 | O2: =(M2/M3)*N2 -> 0.0037651085
M3: =M1+M2 -> 1.8858377e+08 | O3: =O1+O2 -> 0.0044324372 | P3: Source | Q3: Individual Monthly EEC collections filings | T3: =0.525%+0.5% -> 0.01025 | U3: =0.525%+0.5% -> 0.01025 | V3: =0.525%+0.5% -> 0.01025 | W3: =0.525%+0.5% -> 0.01025 | X3: =0.525%+0.5% -> 0.01025 | Y3: =0.525%+0.5% -> 0.01025 | Z3: =0.525%+0.5% -> 0.01025 | AA3: =0.525%+0.5% -> 0.01025 | ... AE3: =0.525%+0.5% -> 0.01025
B4: 2021 | C4: Over/under-collection | Q4: FY 1/22 - 12/22 - HALF ACTUALS, HALF ESTIMATES | T4: =1/1-T3 -> 0.98975 | U4: =1/1-U3 -> 0.98975 | V4: =1/1-V3 -> 0.98975 | W4: =1/1-W3 -> 0.98975 | X4: =1/1-X3 -> 0.98975 | Y4: =1/1-Y3 -> 0.98975 | Z4: =1/1-Z3 -> 0.98975 | AA4: =1/1-AA3 -> 0.98975 | ... AE4: =1/1-AE3 -> 0.98975
Q5: VTEEU | AB5: For estimates | AF5: Fiscal Year
C6: 2021 EEC calculation | E6: 2021 | F6: 2021 | G6: 2021 | I6: Included in | K6: Adjustment | M6: 2021 | Q6: CODE | R6: NAME | T6: JAN | U6: FEB | V6: MAR | W6: APR | X6: MAY | Y6: JUN | Z6: JUL | AA6: 44774 | AB6: SEP | AC6: OCT | AD6: NOV | AE6: DEC | AF6: To Date
C7: Projected | E7: Actual | F7: Calculated EEC | G7: Allocated Actual | H7: Variance | I7: 2021 | K7: 2021 | M7: EEC Rates in effect | Q7: VTE001 | R7: Barton Village, Inc. Electric Dept. | AF7: =SUM(T7:AE7) -> 0
C8: Collection | E8: kWh | F8: Collection | G8: Collection | I8: EEC calculation | K8: EEC calculation | Q8: VTE002 | R8: Burlington Electric Dept., City of | T8: ='EEC 2022 data'!I6*T4 -> 222730.14 | U8: ='EEC 2022 data'!I8*U4 -> 195338.07 | V8: ='EEC 2022 data'!I10*V4 -> 168280.11 | W8: ='EEC 2022 data'!I12*W4 -> 169380.77 | X8: ='EEC 2022 data'!I14*X4 -> 165762.94 | Y8: ='EEC 2022 data'!I16*Y4 -> 177646.42 | Z8: ='EEC 2022 data'!I18*Z4 -> 187899.95 | AA8: ='EEC 2022 data'!I20*'EEC Collection True-Up'!AA4 -> 212559.6 | AB8: 210000 | AC8: 205000 | AD8: 200000 | AE8: 195000 | AF8: =SUM(T8:AE8) -> 2309598 | AK8: Burlington Electric Dept., City of | AN8: 193288.23 | AP8: =+U8 -> 195338.07 | AQ8: =+AP8-AN8 -> 2049.8359 | AR8: =+AQ8/AP8 -> 0.010493786
A9: BED | C9: w/o GRT | F9: w/ GRT | G9: w/o GRT | Q9: VTE005 | R9: Enosburg Falls Water & Light Dept. | AF9: =SUM(T9:AE9) -> 0
B10: Residential EEC | C10: =C13*F26 -> 788644.41 | E10: =+'Util Rev and Load Data'!C73 -> 90180849 | F10: =+E10*M10 -> 806216.79 | G10: ='EEC 2021 data'!D31 -> 801526.85 | H10: =+G10-C10 -> 12882.445 | I10: 0 | K10: =+H10-I10 -> 12882.445 | M10: 0.00894 | N10: $/kWh | Q10: VTE006 | R10: Green Mountain Power Corporation | AF10: =SUM(T10:AE10) -> 0
B11: Commercial EEC | C11: =C13*F27 -> 1654280 | E11: =+'Util Rev and Load Data'!P73 -> 1.8858377e+08 | F11: =+E11*M11 -> 1636907.1 | G11: ='EEC 2021 data'!E31+'EEC 2021 data'!G31 -> 1653133.2 | H11: =+G11-C11 -> -1146.8424 | I11: 0 | K11: =+H11-I11 -> -1146.8424 | M11: 0.00868 | N11: $/kWh | Q11: VTE007 | R11: Hardwick Electric Dept., Town of | AF11: =SUM(T11:AE11) -> 0
B12: Industrial EEC | C12: =C13*F28 -> 255016.39 | E12: =+'Util Rev and Load Data'!AA73 -> 44247326 | F12: =+E12*M12 -> 251767.28 | G12: ='EEC 2021 data'!F31 -> 279691.84 | H12: =+G12-C12 -> 24675.448 | I12: 0 | K12: =+H12-I12 -> 24675.448 | M12: 0.00569 | N12: $/kWh | Q12: VTE008 | R12: Hyde Park Electric Dept., Village of | AF12: =SUM(T12:AE12) -> 0
B13: Total | C13: 2697940.8 | D13: from2021 EEC Report filed 10/1/21, EEC Collection True-Up tab, C29 | E13: =SUM(E10:E12) -> 3.2301194e+08 | F13: =SUM(F10:F12) -> 2694891.2 | G13: =SUM(G10:G12) -> 2734351.8 | H13: =SUM(H10:H12) -> 36411.05 | I13: =SUM(I10:I12) -> 0 | K13: =SUM(K10:K12) -> 36411.05 | M13: =(M10*F26)+(M11*F27)+(M12*F28) -> 0.0084733789 | N13: weighted avg | Q13: VTE009 | R13: Jacksonville Electric Company, Village of | AF13: =SUM(T13:AE13) -> 0
Q14: VTE010 | R14: Johnson Water & Light Dept., Village of | AF14: =SUM(T14:AE14) -> 0
B15: Note: A Negative Difference indicates a need to increase collections by that amount. | Q15: VTE011 | R15: Ludlow Electric Light Dept., Village of | AF15: =SUM(T15:AE15) -> 0
B16: Note: A Positive Difference indicates a need to decrease collections by that amount. | Q16: VTE012 | R16: Lyndonville Electric Dept., Village of | AF16: =SUM(T16:AE16) -> 0
Q17: VTE013 | R17: Morrisville Water & Light Dept., Village of | AF17: =SUM(T17:AE17) -> 0
Q18: VTE014 | R18: Northfield Electric Dept., Village of | AF18: =SUM(T18:AE18) -> 0
B19: 2022 | C19: Over/under-collection estimate | Q19: VTE016 | R19: Orleans Electric Dept., Village of | AF19: =SUM(T19:AE19) -> 0
Q20: VTE019 | R20: Stowe Electric Dept., Town of | AF20: =SUM(T20:AE20) -> 0
C21: 2022 EEC Calculation | G21: 2022 | H21: 2022 | I21: 2022 | K21: Adjustment | Q21: VTE020 | R21: Swanton Village Inc. Electric Dept. | AF21: =SUM(T21:AE21) -> 0
C22: Projected | F22: 2022 Actual | G22: Actual | H22: Forecast | I22: Estimated Actual | K22: 2022 | M22: 2022 | Q22: VTE021 | R22: Vermont Electric Cooperative, Inc. | AF22: =SUM(T22:AE22) -> 0
C23: Collection | F23: Collection | G23: Jan - Aug | H23: Sep - Dec | I23: Total | K23: EEC calculation | M23: Rates | Q23: VTE022 | R23: Washington Electric Cooperative, Inc. | AF23: =SUM(T23:AE23) -> 0
C24: w/o GRT | F24: Allocation | G24: Collection | H24: Collection | I24: Collection
A25: BED | G25: w/o GRT | H25: w/o GRT | I25: w/o GRT | Q25: TOTAL CONTRIBUTIONS: | S25: =SUM(S7:S23) -> 0 | T25: =SUM(T7:T23) -> 222730.14 | U25: =SUM(U7:U23) -> 195338.07 | V25: =SUM(V7:V23) -> 168280.11 | W25: =SUM(W7:W23) -> 169380.77 | X25: =SUM(X7:X23) -> 165762.94 | Y25: =SUM(Y7:Y23) -> 177646.42 | Z25: =SUM(Z7:Z23) -> 187899.95 | ... AF25: =SUM(AF7:AF23) -> 2309598
B26: Residential | C26: 611395 | D26: 2021 EEC report (EEC Calc tab B49) | F26: =+AC61 -> 0.29231346 | G26: =+$G$29*F26 -> 438352.68 | H26: =+C26/C29*H29 -> 237440.42 | I26: =+H26+G26 -> 675793.09 | K26: =+I26-C26 -> 64398.092 | M26: 0.0069 | N26: $/kWh
B27: Commercial | C27: 1272070 | D27: 2021 EEC report (EEC Calc tab B50) | F27: =+AC62 -> 0.61316394 | G27: =+$G$29*F27 -> 919499.41 | H27: =+C27/C29*H29 -> 494019.14 | I27: =+H27+G27 -> 1413518.5 | K27: =+I27-C27 -> 141448.55 | M27: 0.00703 | N27: $/kWh | AA27: =+AA29-AA28 -> -222730.14 | AC27: =+AC29-AC28 -> 1914598 | AE27: =+AE29-AE28 -> 0 | AF27: =+AE27+Y27 -> 0
B28: Industrial | C28: 202237 | D28: 2021 EEC report (EEC Calc tab B51) | F28: =+AC63 -> 0.094522605 | G28: =+$G$29*F28 -> 141745.91 | H28: =+C28/C29*H29 -> 78540.448 | I28: =+H28+G28 -> 220286.36 | K28: =+I28-C28 -> 18049.357 | M28: 0 | N28: $/kWh | AA28: =SUM(T8:AA8) -> 1499598 | AE28: =SUM(AB8:AE8) -> 810000
B29: BED Total | C29: =SUM(C26:C28) -> 2085702 | F29: =SUM(F26:F28) -> 1 | G29: =AA28 -> 1499598 | H29: =+AE28 -> 810000 | I29: =SUM(I26:I28) -> 2309598 | K29: =SUM(K26:K28) -> 223896 | M29: =(M26*F26)+(M27*F27)+(M28*F28) -> 0.0063275053 | N29: weighted avg | P29: Source | Q29: Individual Monthly EEC collections filings | Y29: =SUM(S25:Y25) -> 1099138.4 | Z29: =+Y29/AF29 -> 0.57572485 | AA29: =SUM(U25:AA25) -> 1276867.9 | AB29: =+AA29/AF29 -> 0.66881889 | AC29: =SUM(T25:AC25) -> 1914598 | AE29: =SUM(AB25:AE25) -> 810000 | AF29: =+AE29+Y29 -> 1909138.4
Q30: FY 1/21 - 12/21 - ALL ACTUALS | T30: =0.5%+0.5% -> 0.01 | U30: =0.5%+0.5% -> 0.01 | V30: =0.5%+0.5% -> 0.01 | W30: =0.5%+0.5% -> 0.01 | X30: =0.5%+0.5% -> 0.01 | Y30: =0.5%+0.5% -> 0.01 | Z30: =0.525%+0.5% -> 0.01025 | AA30: =0.525%+0.5% -> 0.01025 | AB30: =0.525%+0.5% -> 0.01025 | AC30: =0.525%+0.5% -> 0.01025 | AD30: =0.525%+0.5% -> 0.01025 | AE30: =0.525%+0.5% -> 0.01025
K31: =C29-I29 -> -223896 | Q31: VTEEU | T31: =1/1-T30 -> 0.99 | U31: =1/1-U30 -> 0.99 | V31: =1/1-V30 -> 0.99 | W31: =1/1-W30 -> 0.99 | X31: =1/1-X30 -> 0.99 | Y31: =1/1-Y30 -> 0.99 | Z31: =1/1-Z30 -> 0.98975 | AA31: =1/1-AA30 -> 0.98975 | ... AE31: =1/1-AE30 -> 0.98975 | AF31: Fiscal Year
Q32: CODE | R32: NAME | T32: JAN | U32: FEB | V32: MAR | W32: APR | X32: MAY | Y32: JUN | Z32: JUL | AA32: AUG | AB32: SEP | AC32: OCT | AD32: NOV | AE32: DEC | AF32: To Date
Q33: VTE002 | R33: Burlington Electric Dept., City of | T33: ='EEC 2021 data'!$I6*T31 -> 217676.29 | U33: ='EEC 2021 data'!$I8*U31 -> 229605.06 | V33: ='EEC 2021 data'!$I10*V31 -> 211370.67 | W33: ='EEC 2021 data'!I12*W31 -> 212158.93 | X33: ='EEC 2021 data'!I14*X31 -> 200545.52 | Y33: ='EEC 2021 data'!I16*Y31 -> 224352.79 | Z33: ='EEC 2021 data'!I18*Z31 -> 243944.15 | AA33: ='EEC 2021 data'!I20*AA31 -> 250415.12 | AB33: ='EEC 2021 data'!I22*AB31 -> 267176.76 | AC33: ='EEC 2021 data'!I24*AC31 -> 221186.04 | AD33: ='EEC 2021 data'!I26*AD31 -> 214303.7 | AE33: ='EEC 2021 data'!I28*AE31 -> 213916.91 | AF33: =SUM(T33:AE33) -> 2706651.9 | AI33: =+X33/SUM($T33:$W33) -> 0.23029742 | AJ33: =+Y33/SUM($T33:$W33) -> 0.25763662 | AK33: =+Z33/SUM($T33:$Y33) -> 0.18827075 | AL33: =+AA33/SUM($T33:$Y33) -> 0.1932649 | AM33: =+AB33/SUM($T33:$Y33) -> 0.20620116 | AN33: =+AC33/SUM($T33:$Y33) -> 0.17070654 | AO33: =+AD33/SUM($T33:$Y33) -> 0.1653949 | AP33: =+AE33/SUM($T33:$Y33) -> 0.16509638
Q35: TOTAL CONTRIBUTIONS: | S35: =SUM(S33:S33) -> 0 | T35: =SUM(T33:T33) -> 217676.29 | U35: =SUM(U33:U33) -> 229605.06 | V35: =SUM(V33:V33) -> 211370.67 | W35: =SUM(W33:W33) -> 212158.93 | X35: =SUM(X33:X33) -> 200545.52 | Y35: =SUM(Y33:Y33) -> 224352.79 | Z35: =SUM(Z33:Z33) -> 243944.15 | ... AF35: =SUM(AF33:AF33) -> 2706651.9 | AL35: =2616130 -> 2616130
AL36: =AL35/12 -> 218010.83
Q38: 2022 Actual
Q39: Collection
Q40: EEC Payments | S40: 2022 | T40: EEC Collections
R41: Burlington Electric
T42: Jan | U42: Feb | V42: Mar | W42: Apr | X42: May | Y42: Jun | Z42: Jul | AA42: Aug | AB42: Sept | AC42: Oct
R44: Residential Energy | T44: 75519.02 | U44: 66152.79 | V44: 51915.7 | W44: 49028.57 | X44: 43059.1 | Y44: 45107.57 | Z44: 49455.46 | AA44: 62654.11
R45: Commercial
R46: Non-Demand Energy | T46: 12487.72 | U46: 12130.85 | V46: 9518.11 | W46: 8999.11 | X46: 7830.6 | Y46: 8530.1 | Z46: 9007.6 | AA46: 10562.17
R47: Demand Energy | T47: 69160.42 | U47: 63191.74 | V47: 53808.73 | W47: 57678.06 | X47: 55894.1 | Y47: 61189.04 | Z47: 63797.14 | AA47: 72615.04
R48: Demand Capacity | T48: 46698.59 | U48: 38972.2 | V48: 38909.98 | W48: 38678.58 | X48: 41998.1 | Y48: 44617.54 | Z48: 45960.9 | AA48: 47461.9
R49: Industrial
R50: Demand Energy | T50: 11966.58 | U50: 11140.91 | V50: 9819.63 | W50: 10651.79 | X50: 11487.22 | Y50: 12958.72 | Z50: 13577.91 | AA50: 13721.19
R51: Demand Capacity | T51: 7286.04 | U51: 4491.22 | V51: 4787.51 | W51: 5030.39 | X51: 6248.14 | Y51: 6220.32 | Z51: 7121.18 | AA51: 6705.1
R52: Street and Area Lights:
R53: Kilowatt Hours | T53: 1918.4 | U53: 1281.31 | V53: 1263.18 | W53: 1068.4 | X53: 962.35 | Y53: 862.86 | Z53: 925.68 | AA53: 1041.38
R54: Total | T54: =SUM(T44:T53) -> 225036.77 | U54: =SUM(U44:U53) -> 197361.02 | V54: =SUM(V44:V53) -> 170022.84 | W54: =SUM(W44:W53) -> 171134.9 | X54: =SUM(X44:X53) -> 167479.61 | Y54: =SUM(Y44:Y53) -> 179486.15 | Z54: =SUM(Z44:Z53) -> 189845.87 | AA54: =SUM(AA44:AA53) -> 214760.89
R56: Res | T56: =+T44 -> 75519.02 | U56: =+U44 -> 66152.79 | V56: =+V44 -> 51915.7 | W56: =+W44 -> 49028.57 | X56: =+X44 -> 43059.1 | Y56: =+Y44 -> 45107.57 | Z56: =+Z44 -> 49455.46 | AA56: =+AA44 -> 62654.11 | AB56: =SUM(T56:AA56) -> 442892.32 | AC56: =AB56/$AB$59 -> 0.29231346
R57: Commercial | T57: =+T46+T47+T48+T53 -> 130265.13 | U57: =+U46+U47+U48+U53 -> 115576.1 | V57: =+V46+V47+V48+V53 -> 103500 | W57: =+W46+W47+W48+W53 -> 106424.15 | X57: =+X46+X47+X48+X53 -> 106685.15 | Y57: =+Y46+Y47+Y48+Y53 -> 115199.54 | Z57: =+Z46+Z47+Z48+Z53 -> 119691.32 | AA57: =+AA46+AA47+AA48+AA53 -> 131680.49 | AB57: =SUM(T57:AA57) -> 929021.88 | AC57: =AB57/$AB$59 -> 0.61316394
R58: Industrial | T58: =+T50+T51 -> 19252.62 | U58: =+U50+U51 -> 15632.13 | V58: =+V50+V51 -> 14607.14 | W58: =+W50+W51 -> 15682.18 | X58: =+X50+X51 -> 17735.36 | Y58: =+Y50+Y51 -> 19179.04 | Z58: =+Z50+Z51 -> 20699.09 | AA58: =+AA50+AA51 -> 20426.29 | AB58: =SUM(T58:AA58) -> 143213.85 | AC58: =AB58/$AB$59 -> 0.094522605
T59: =SUM(T56:T58) -> 225036.77 | U59: =SUM(U56:U58) -> 197361.02 | V59: =SUM(V56:V58) -> 170022.84 | W59: =SUM(W56:W58) -> 171134.9 | X59: =SUM(X56:X58) -> 167479.61 | Y59: =SUM(Y56:Y58) -> 179486.15 | Z59: =SUM(Z56:Z58) -> 189845.87 | AA59: =SUM(AA56:AA58) -> 214760.89 | AB59: =SUM(AB56:AB58) -> 1515128.1
R61: W/O GTR Weather tax | S61: 0.9897 | T61: =+T56*$S$61 -> 74741.174 | U61: =+U56*$S$61 -> 65471.416 | V61: =+V56*$S$61 -> 51380.968 | W61: =+W56*$S$61 -> 48523.576 | X61: =+X56*$S$61 -> 42615.591 | Y61: =+Y56*$S$61 -> 44642.962 | Z61: =+Z56*$S$61 -> 48946.069 | AA61: =+AA56*$S$61 -> 62008.773 | AB61: =SUM(T61:AA61) -> 438330.53 | AC61: =+AB61/$AB$64 -> 0.29231346
T62: =+T57*$S$61 -> 128923.4 | U62: =+U57*$S$61 -> 114385.67 | V62: =+V57*$S$61 -> 102433.95 | W62: =+W57*$S$61 -> 105327.98 | X62: =+X57*$S$61 -> 105586.29 | Y62: =+Y57*$S$61 -> 114012.98 | Z62: =+Z57*$S$61 -> 118458.5 | AA62: =+AA57*$S$61 -> 130324.18 | AB62: =SUM(T62:AA62) -> 919452.95 | AC62: =+AB62/$AB$64 -> 0.61316394
T63: =+T58*$S$61 -> 19054.318 | U63: =+U58*$S$61 -> 15471.119 | V63: =+V58*$S$61 -> 14456.686 | W63: =+W58*$S$61 -> 15520.654 | X63: =+X58*$S$61 -> 17552.686 | Y63: =+Y58*$S$61 -> 18981.496 | Z63: =+Z58*$S$61 -> 20485.889 | AA63: =+AA58*$S$61 -> 20215.899 | AB63: =SUM(T63:AA63) -> 141738.75 | AC63: =+AB63/$AB$64 -> 0.094522605
T64: =SUM(T61:T63) -> 222718.89 | U64: =SUM(U61:U63) -> 195328.2 | V64: =SUM(V61:V63) -> 168271.6 | W64: =SUM(W61:W63) -> 169372.21 | X64: =SUM(X61:X63) -> 165754.57 | Y64: =SUM(Y61:Y63) -> 177637.44 | Z64: =SUM(Z61:Z63) -> 187890.46 | AA64: =SUM(AA61:AA63) -> 212548.85 | AB64: =SUM(AB61:AB63) -> 1499522.2
T66: =T64-T25 -> -11.251839 | U66: =U64-U25 -> -9.868051 | V66: =V64-V25 -> -8.501142 | W66: =W64-W25 -> -8.556745 | X66: =X64-X25 -> -8.3739805 | Y66: =Y64-Y25 -> -8.9743075 | Z66: =Z64-Z25 -> -9.4922935 | AA66: =AA64-AA25 -> -10.747942

Sheet EEC 2022 data
B3: CY 22 | D3: Residential | E3: Commercial | F3: Industrial | G3: Street Lights | I3: Totals
N4: Collections | O4: kWh
B5: January | D5: 8447318 | E5: =1438677+13148368+34627 -> 14621672 | F5: =3216822+5116 -> 3221938 | G5: 220506 | I5: =SUM(D5:G5) -> 26511434 | N5: =I6 -> 225036.77 | O5: =I5 -> 26511434 | P5: =N5/O5 -> 0.0084882911
D6: 75519.02 | E6: =12487.72+69160.42+46698.59 -> 128346.73 | F6: =11966.58+7286.04 -> 19252.62 | G6: 1918.4 | I6: =SUM(D6:G6) -> 225036.77 | N6: =I8 -> 197361.02 | O6: =I7 -> 30176176 | P6: =N6/O6 -> 0.0065402926
B7: February | D7: 9587361 | E7: =1725583+15190321+35502 -> 16951406 | F7: =3449199+5166 -> 3454365 | G7: 183044 | I7: =SUM(D7:G7) -> 30176176 | N7: =I10 -> 170022.84 | O7: =I9 -> 25074269 | P7: =N7/O7 -> 0.0067807696
D8: 66152.79 | E8: =12130.85+63191.74+38972.2 -> 114294.79 | F8: =11140.91+4491.22 -> 15632.13 | G8: 1281.31 | I8: =SUM(D8:G8) -> 197361.02 | N8: =I12 -> 171134.9 | O8: =I11 -> 25742026 | P8: =N8/O8 -> 0.0066480742
B9: March | D9: 7524014 | E9: =1353927+12934790+35445 -> 14324162 | F9: =3040132+5507 -> 3045639 | G9: 180454 | I9: =SUM(D9:G9) -> 25074269 | N9: =I14 -> 167479.61 | O9: =I13 -> 24529754 | P9: =N9/O9 -> 0.0068276107
D10: 51915.7 | E10: =9518.11+53808.73+38909.98 -> 102236.82 | F10: =9819.63+4787.51 -> 14607.14 | G10: 1263.18 | I10: =SUM(D10:G10) -> 170022.84 | N10: =I16 -> 179486.15 | O10: =I15 -> 26642670 | P10: =N10/O10 -> 0.0067367929
B11: April | D11: 7105590 | E11: =1280101+13864919+35234 -> 15180254 | F11: =3297768+5786 -> 3303554 | G11: 152628 | I11: =SUM(D11:G11) -> 25742026 | N11: =I18 -> 189845.87 | O11: =I17 -> 28170605 | P11: =N11/O11 -> 0.0067391478
D12: 49028.57 | E12: =8999.11+57678.06+38678.58 -> 105355.75 | F12: =10651.79+5030.39 -> 15682.18 | G12: 1068.4 | I12: =SUM(D12:G12) -> 171134.9 | N12: =I20 -> 214760.9 | O12: =I19 -> 32435104 | P12: =N12/O12 -> 0.006621249
B13: May | D13: 6240450 | E13: =1113883+13436081+38258 -> 14588222 | F13: =3556416+7187 -> 3563603 | G13: 137479 | I13: =SUM(D13:G13) -> 24529754 | N13: =I22 -> 0 | O13: =I21 -> 0 | P13: =N13/O13 -> #DIV/0!
D14: 43059.1 | E14: =7830.6+55894.1+41998.1 -> 105722.8 | F14: =11487.22+6248.14 -> 17735.36 | G14: 962.35 | I14: =SUM(D14:G14) -> 167479.61 | N14: =I24 -> 0 | O14: =I23 -> 0 | P14: =N14/O14 -> #DIV/0!
B15: June | D15: 6537329 | E15: =1213385+14708903+40645 -> 15962933 | F15: =4011987+7155 -> 4019142 | G15: 123266 | I15: =SUM(D15:G15) -> 26642670 | N15: =I26 -> 0 | O15: =I25 -> 0 | P15: =N15/O15 -> #DIV/0!
D16: 45107.57 | E16: =8530.1+61189.04+44617.54 -> 114336.68 | F16: =12958.72+6220.32 -> 19179.04 | G16: 862.86 | I16: =SUM(D16:G16) -> 179486.15 | N16: =I28 -> 0 | O16: =I27 -> 0 | P16: =N16/O16 -> #DIV/0!
B17: July | D17: 7167458 | E17: =1281308+15335852+41868 -> 16659028 | F17: =4203688+8191 -> 4211879 | G17: 132240 | I17: =SUM(D17:G17) -> 28170605 | N17: =SUM(N5:N16) -> 1515128.1 | O17: =SUM(O5:O16) -> 219282038
D18: 49455.46 | E18: =9007.6+63797.14+45960.9 -> 118765.64 | F18: =13577.91+7121.18 -> 20699.09 | G18: 925.68 | I18: =SUM(D18:G18) -> 189845.87 | O18: =N17/O17 -> 0.0069094946
B19: August | D19: 9080306 | E19: =1502442+17455538 -> 18957980 | F19: 4248049 | G19: 148769 | I19: =SUM(D19:G19) -> 32435104
D20: 62654.11 | E20: =10562.17+72615.04+47461.9 -> 130639.11 | F20: =13721.19+6705.1 -> 20426.29 | G20: 1041.39 | I20: =SUM(D20:G20) -> 214760.9 | J20: =SUM((I5,I7,I9,I11,I13,I15,I17,I19)) -> 219282038
B21: September | I21: =SUM(D21:G21) -> 0
I22: =SUM(D22:G22) -> 0
B23: October | I23: =SUM(D23:G23) -> 0
I24: =SUM(D24:G24) -> 0
B25: November | I25: =SUM(D25:G25) -> 0
I26: =SUM(D26:G26) -> 0
B27: December | I27: =SUM(D27:G27) -> 0
I28: =SUM(D28:G28) -> 0
D32: Cheryl completed January - July (all available data to date) - 9/02/22
D37: Source = T:\Finance Share\Energy Efficiency Utility\EEC Collections for fiscal agent\CY 2022 / tab "Payment Form"

Sheet EEC 2021 data
B3: CY 21 | D3: Residential | E3: Commercial | F3: Industrial | G3: Street Lights | I3: Totals
N4: Collections | O4: kWh
B5: January | D5: 8424602 | E5: =1398478+12958256+31545 -> 14388279 | F5: =3346479+5126 -> 3351605 | G5: =226136 -> 226136 | I5: =SUM(D5:G5) -> 26390622 | N5: =I6 -> 219875.04 | O5: =I5 -> 26390622 | P5: =N5/O5 -> 0.0083315596
D6: 75315.94 | E6: =12138.79+68160.43+42542.07 -> 122841.29 | F6: =12448.9+7301.53 -> 19750.43 | G6: =1967.38 -> 1967.38 | I6: =SUM(D6:G6) -> 219875.04 | N6: =I8 -> 231924.3 | O6: =I7 -> 27881249 | P6: =N6/O6 -> 0.0083182895
B7: February | D7: 8925378 | E7: =1545420+13903051+33029 -> 15481500 | F7: =3281567+5057 -> 3286624 | G7: =187747 -> 187747 | I7: =SUM(D7:G7) -> 27881249 | N7: =I10 -> 213505.73 | O7: =I9 -> 25010098 | P7: =N7/O7 -> 0.008536781
D8: 79792.88 | E8: =13414.25+73130.05+44543.21 -> 131087.51 | F8: =12207.43+7203.08 -> 19410.51 | G8: =1633.4 -> 1633.4 | I8: =SUM(D8:G8) -> 231924.3 | N8: =I12 -> 214301.95 | O8: =I11 -> 25365606 | P8: =N8/O8 -> 0.0084485247
B9: March | D9: 7639603 | E9: =1329438+12823981+34001 -> 14187420 | F9: =2992526+5348 -> 2997874 | G9: 185201 | I9: =SUM(D9:G9) -> 25010098 | N9: =I14 -> 202571.23 | O9: =I13 -> 23475129 | P9: =N9/O9 -> 0.008629185
D10: =68298.05 -> 68298.05 | E10: =11539.52+67454.14+45854.1 -> 124847.76 | F10: =11132.2+7616.47 -> 18748.67 | G10: 1611.25 | I10: =SUM(D10:G10) -> 213505.73 | N10: =I16 -> 226618.98 | O10: =I15 -> 26735350 | P10: =N10/O10 -> 0.0084763798
B11: April | D11: =6840684 -> 6840684 | E11: =1215105+13600316+35530 -> 14850951 | F11: =3511490+6124 -> 3517614 | G11: 156357 | I11: =SUM(D11:G11) -> 25365606 | N11: =I18 -> 246470.47 | O11: =I17 -> 28883796 | P11: =N11/O11 -> 0.0085331744
D12: =61155.72 -> 61155.72 | E12: =10547.11+71537.66+47915.31 -> 130000.08 | F12: =13062.74+8723.1 -> 21785.84 | G12: 1360.31 | I12: =SUM(D12:G12) -> 214301.95 | N12: =I20 -> 253008.46 | O12: =I19 -> 30340993 | P12: =N12/O12 -> 0.0083388325
B13: May | D13: =6038586 -> 6038586 | E13: =1105751+12735795+35651 -> 13877197 | F13: =3411362+7023 -> 3418385 | G13: =140961 -> 140961 | I13: =SUM(D13:G13) -> 23475129 | N13: =I22 -> 269943.68 | O13: =I21 -> 31738613 | P13: =N13/O13 -> 0.0085052135
D14: =53984.96 -> 53984.96 | E14: =9597.92+66990.28+48078.98 -> 124667.18 | F14: =12690.27+10002.46 -> 22692.73 | G14: 1226.36 | I14: =SUM(D14:G14) -> 202571.23 | N14: =I24 -> 223476.68 | O14: =I23 -> 26044313 | P14: =N14/O14 -> 0.0085806326
B15: June | D15: =6483490 -> 6483490 | E15: =1242330+14653169+39238 -> 15934737 | F15: =4183145+7879 -> 4191024 | G15: =126099 -> 126099 | I15: =SUM(D15:G15) -> 26735350 | N15: =I26 -> 216523.06 | O15: =I25 -> 25547820 | P15: =N15/O15 -> 0.0084752069
D16: =57962.4 -> 57962.4 | E16: =10783.42+77075.67+52917.01 -> 140776.1 | F16: =15561.3+11222.12 -> 26783.42 | G16: 1097.06 | I16: =SUM(D16:G16) -> 226618.98 | N16: =I28 -> 216132.27 | O16: =I27 -> 25523019 | P16: =N16/O16 -> 0.0084681311
B17: July | D17: =7914981 -> 7914981 | E17: =1343504+15222988+40981 -> 16607473 | F17: =4217319+8313 -> 4225632 | G17: 135710 | I17: =SUM(D17:G17) -> 28883796
D18: =70759.93 -> 70759.93 | E18: =11661.61+80072.92+55266.3 -> 147000.83 | F18: =15688.43+11840.6 -> 27529.03 | G18: 1180.68 | I18: =SUM(D18:G18) -> 246470.47
B19: August | D19: 8095373 | E19: =1410864+16139404+40047 -> 17590315 | F19: =4493771+8029 -> 4501800 | G19: =153505 -> 153505 | I19: =SUM(D19:G19) -> 30340993
D20: 72372.63 | E20: =12246.3+84893.27+54007.69 -> 151147.26 | F20: =16716.83+11436.25 -> 28153.08 | G20: =1335.49 -> 1335.49 | I20: =SUM(D20:G20) -> 253008.46
B21: September | D21: 8898215 | E21: =1431188+16921213+43959 -> 18396360 | F21: =4265080+8660 -> 4273740 | G21: 170298 | I21: =SUM(D21:G21) -> 31738613
D22: 79550.04 | E22: =12422.71+89005.58+59282.54 -> 160710.83 | F22: =15866.1+12335.12 -> 28201.22 | G22: 1481.59 | I22: =SUM(D22:G22) -> 269943.68
B23: October | D23: 6339454 | E23: =1174760+14478578+40161 -> 15693499 | F23: =3804711+7301 -> 3812012 | G23: 199348 | I23: =SUM(D23:G23) -> 26044313
D24: 56674.72 | E24: =10196.92+76157.32+54161.34 -> 140515.58 | F24: =14153.52+10398.53 -> 24552.05 | G24: 1734.33 | I24: =SUM(D24:G24) -> 223476.68
B25: November | D25: 6674566 | E25: =1212490+13895934+36522 -> 15144946 | F25: =3510301+6376 -> 3516677 | G25: 211631 | I25: =SUM(D25:G25) -> 25547820
D26: 59670.62 | E26: =10524.41+73092.61+49254.12 -> 132871.14 | F26: =13058.32+9081.79 -> 22140.11 | G26: 1841.19 | I26: =SUM(D26:G26) -> 216523.06
B27: December | D27: 7381315 | E27: =1337799+13305536+34562 -> 14677897 | F27: =3229575+5568 -> 3235143 | G27: 228664 | I27: =SUM(D27:G27) -> 25523019
D28: 65988.96 | E28: =11612.1+69987.12+46609.96 -> 128209.18 | F28: =12014.02+7930.73 -> 19944.75 | G28: 1989.38 | I28: =SUM(D28:G28) -> 216132.27
D30: =SUM(D5,D7,D9,D11,D13,D15,D17,D19,D21,D23,D25,D27) -> 89656247 | E30: =SUM(E5,E7,E9,E11,E13,E15,E17,E19,E21,E23,E25,E27) -> 186830574 | F30: =SUM(F5,F7,F9,F11,F13,F15,F17,F19,F21,F23,F25,F27) -> 44328130 | G30: =SUM(G5,G7,G9,G11,G13,G15,G17,G19,G21,G23,G25,G27) -> 2121657 | I30: =SUM(I5,I7,I9,I11,I13,I15,I17,I19,I21,I23,I25,I27) -> 322936608
D31: =SUM(D6,D8,D10,D12,D14,D16,D18,D20,D22,D24,D26,D28) -> 801526.85 | E31: =SUM(E6,E8,E10,E12,E14,E16,E18,E20,E22,E24,E26,E28) -> 1634674.7 | F31: =SUM(F6,F8,F10,F12,F14,F16,F18,F20,F22,F24,F26,F28) -> 279691.84 | G31: =SUM(G6,G8,G10,G12,G14,G16,G18,G20,G22,G24,G26,G28) -> 18458.42 | I31: =SUM(I6,I8,I10,I12,I14,I16,I18,I20,I22,I24,I26,I28) -> 2734351.9
D37: Source = T:\Finance Share\Energy Efficiency Utility\EEC Collections for fiscal agent\CY 2021 / tab "Payment Form"

Sheet EEC 2020 data
D3: Residential | E3: Commercial | F3: Industrial | G3: Street Lights | I3: Totals
N4: Collections | O4: kWh
B5: January | D5: 7762441 | E5: =1556649+14275199+36499 -> 15868347 | F5: =3074223+4899 -> 3079122 | G5: 226865 | I5: =SUM(D5:G5) -> 26936775 | N5: =I6 -> 227930.81 | O5: =I5 -> 26936775 | P5: =N5/O5 -> 0.0084616963
D6: 73898.15 | E6: =13122.55+73089.02+47867.95 -> 134079.52 | F6: =11097.95+6949.52 -> 18047.47 | G6: =1905.67 -> 1905.67 | I6: =SUM(D6:G6) -> 227930.81 | N6: =I8 -> 232719.49 | O6: =I7 -> 27727940 | P6: =N6/O6 -> 0.00839296
B7: February | D7: 7868297 | E7: =1619863+14959335+36722 -> 16615920 | F7: =3050058+4999 -> 3055057 | G7: 188666 | I7: =SUM(D7:G7) -> 27727940 | N7: =I10 -> 217078.09 | O7: =I9 -> 25505454 | P7: =N7/O7 -> 0.0085110459
D8: 70342.57 | E8: =14060.41+78686.1+49522.67 -> 142269.18 | F8: =11346.22+7120.13 -> 18466.35 | G8: 1641.39 | I8: =SUM(D8:G8) -> 232719.49 | N8: =I12 -> 198537.69 | O8: =I11 -> 23376679 | P8: =N8/O8 -> 0.008492981
B9: March | D9: 6909494 | E9: =1411518+13832858+36579 -> 15280955 | F9: =3123540+5425 -> 3128965 | G9: 186040 | I9: =SUM(D9:G9) -> 25505454 | N9: =I14 -> 182412.33 | O9: =I13 -> 21258308 | P9: =N9/O9 -> 0.0085807549
D10: 61770.88 | E10: =12251.98+72760.83+49329.97 -> 134342.78 | F10: =11619.57+7726.31 -> 19345.88 | G10: 1618.55 | I10: =SUM(D10:G10) -> 217078.09 | N10: =I16 -> 210038.39 | O10: =I15 -> 24380140 | P10: =N10/O10 -> 0.0086151429
B11: April | D11: 6950794 | E11: =1130665+11886338+31821 -> 13048824 | F11: =3214349+5492 -> 3219841 | G11: =157220 -> 157220 | I11: =SUM(D11:G11) -> 23376679 | N11: =I18 -> 248118.57 | O11: =I17 -> 29302711 | P11: =N11/O11 -> 0.0084674271
D12: 62140.1 | E12: =9814.17+62522.14+42914.06 -> 115250.37 | F12: =11957.38+7822.03 -> 19779.41 | G12: =1367.81 -> 1367.81 | I12: =SUM(D12:G12) -> 198537.69 | N12: =I20 -> 264929.04 | O12: =I19 -> 31351334 | P12: =N12/O12 -> 0.0084503275
B13: May | D13: 6188330 | E13: =946518+10643161+30141 -> 11619820 | F13: =3302236+6125 -> 3308361 | G13: 141797 | I13: =SUM(D13:G13) -> 21258308 | N13: =I22 -> 241918.56 | O13: =I21 -> 28861707 | P13: =N13/O13 -> 0.0083819906
D14: 55323.67 | E14: =8215.78+55983.03+40648.35 -> 104847.16 | F14: =12284.32+8723.55 -> 21007.87 | G14: =1233.63 -> 1233.63 | I14: =SUM(D14:G14) -> 182412.33 | N14: =I24 -> 213011.83 | O14: =I23 -> 24856521 | P14: =N14/O14 -> 0.008569656
B15: June | D15: 6533225 | E15: =1059185+12744551+36543 -> 13840279 | F15: =3872315+7450 -> 3879765 | G15: =126871 -> 126871 | I15: =SUM(D15:G15) -> 24380140 | N15: =I26 -> 215477.6 | O15: =I25 -> 25480284 | P15: =N15/O15 -> 0.0084566404
D16: 58407.03 | E16: =9193.73+67036.34+49281.58 -> 125511.65 | F16: =14405.01+10610.92 -> 25015.93 | G16: =1103.78 -> 1103.78 | I16: =SUM(D16:G16) -> 210038.39 | N16: =I28 -> 209125.39 | O16: =I27 -> 24602762 | P16: =N16/O16 -> 0.0085000778
B17: July | D17: 8557897 | E17: =1292949+14903735+39418 -> 16236102 | F17: =4365244+8017 -> 4373261 | G17: =135451 -> 135451 | I17: =SUM(D17:G17) -> 29302711 | N17: =SUM(N5:N16) -> 2661297.8 | O17: =SUM(O5:O16) -> 3.1364062e+08
D18: 76507.6 | E18: =11222.8+78393.65+53159.29 -> 142775.74 | F18: =16238.71+11418.1 -> 27656.81 | G18: 1178.42 | I18: =SUM(D18:G18) -> 248118.57 | O18: =N17/O17 -> 0.0084851823
B19: August | D19: =9759208 -> 9759208 | E19: =1409187+16000856+39989 -> 17450032 | F19: =3980910+7873 -> 3988783 | G19: =153311 -> 153311 | I19: =SUM(D19:G19) -> 31351334
D20: 87247.32 | E20: =12231.74+84164.5+53928.77 -> 150325.01 | F20: =14808.99+11213.91 -> 26022.9 | G20: =1333.81 -> 1333.81 | I20: =SUM(D20:G20) -> 264929.04
B21: September | D21: ='[1]Payment Form'!$E$22 -> 7700127.3 | E21: ='[1]Payment Form'!$E$25+'[1]Payment Form'!$E$27+'[1]Payment Form'!$E$29 -> 16973475 | F21: ='[1]Payment Form'!$E$33+'[1]Payment Form'!$E$35 -> 4017736.4 | G21: ='[1]Payment Form'!$E$38 -> 170369 | I21: =SUM(D21:G21) -> 28861707
D22: ='[1]Payment Form'!$J$22 -> 68839.14 | E22: ='[1]Payment Form'!$J$25+'[1]Payment Form'!$J$27+'[1]Payment Form'!$J$29 -> 145800.28 | F22: ='[1]Payment Form'!$J$33+'[1]Payment Form'!$J$35 -> 25796.93 | G22: ='[1]Payment Form'!$J$38 -> 1482.21 | I22: =SUM(D22:G22) -> 241918.56
B23: October | D23: ='[2]Payment Form'!$E$22 -> 6122555 | E23: ='[2]Payment Form'!$E$25+'[2]Payment Form'!$E$27+'[2]Payment Form'!$E$29 -> 14956610 | F23: ='[2]Payment Form'!$E$33+'[2]Payment Form'!$E$35 -> 3577704.9 | G23: ='[2]Payment Form'!$E$38 -> 199651 | I23: =SUM(D23:G23) -> 24856521
D24: ='[2]Payment Form'!$J$22 -> 54735.64 | E24: ='[2]Payment Form'!$J$25+'[2]Payment Form'!$J$27+'[2]Payment Form'!$J$29 -> 132590.14 | F24: ='[2]Payment Form'!$J$33+'[2]Payment Form'!$J$35 -> 23949.09 | G24: ='[2]Payment Form'!$J$38 -> 1736.96 | I24: =SUM(D24:G24) -> 213011.83
B25: November | D25: 6784688 | E25: =1182446+13816704+35162 -> 15034312 | F25: =3439987+6882 -> 3446869 | G25: 214415 | I25: =SUM(D25:G25) -> 25480284
D26: 60655.11 | E26: =10263.63+72675.86+47418.92 -> 130358.41 | F26: =12796.75+9801.92 -> 22598.67 | G26: 1865.41 | I26: =SUM(D26:G26) -> 215477.6
B27: December | D27: 7292156 | E27: =1230510+12623918+33091 -> 13887519 | F27: =3185046+5867 -> 3190913 | G27: 232174 | I27: =SUM(D27:G27) -> 24602762
D28: 65191.88 | E28: =10680.83+66401.81+44626.85 -> 121709.49 | F28: =11848.37+8355.74 -> 20204.11 | G28: 2019.91 | I28: =SUM(D28:G28) -> 209125.39
D30: =D5+D7+D9+D11+D13+D15+D17+D19+D21+D23+D25+D27 -> 88429212 | E30: =E5+E7+E9+E11+E13+E15+E17+E19+E21+E23+E25+E27 -> 1.8081219e+08 | F30: =F5+F7+F9+F11+F13+F15+F17+F19+F21+F23+F25+F27 -> 42266378 | G30: =G5+G7+G9+G11+G13+G15+G17+G19+G21+G23+G25+G27 -> 2132830 | I30: =SUM(D30:H30) -> 3.1364062e+08
D31: =D6+D8+D10+D12+D14+D16+D18+D20+D22+D24+D26+D28 -> 795059.09 | E31: =E6+E8+E10+E12+E14+E16+E18+E20+E22+E24+E26+E28 -> 1579859.7 | F31: =F6+F8+F10+F12+F14+F16+F18+F20+F22+F24+F26+F28 -> 267891.42 | G31: =G6+G8+G10+G12+G14+G16+G18+G20+G22+G24+G26+G28 -> 18487.55 | I31: =SUM(D31:H31) -> 2661297.8

Sheet EEC 2019 data
D3: Residential | E3: Commercial | F3: Industrial | G3: Street Lights | I3: Totals
N4: Collections | O4: kWh
B5: January | D5: 7840173 | E5: =1580965+14560398+36871 -> 16178234 | F5: =3310048+5507 -> 3315555 | G5: =225964 -> 225964 | I5: =SUM(D5:G5) -> 27559926 | N5: 215283.08 | O5: 27559926 | P5: =N5/O5 -> 0.0078114535
D6: 69699.14 | E6: =11746.57+66395.41+42950.47 -> 121092.45 | F6: =13670.5+9148.86 -> 22819.36 | G6: 1672.13 | I6: =SUM(D6:G6) -> 215283.08 | N6: 247099.95 | O6: 29419789 | P6: =N6/O6 -> 0.0083991068
B7: February | D7: 8556316 | E7: =1755329+15690523+37642 -> 17483494 | F7: =3186599+5684 -> 3192283 | G7: =187696 -> 187696 | I7: =SUM(D7:G7) -> 29419789 | N7: 217232.81 | O7: 25290258 | P7: =N7/O7 -> 0.0085895846
D8: 81456.13 | E8: =14797.42+80335.48+49367.67 -> 144500.57 | F8: =11503.62+8062.98 -> 19566.6 | G8: 1576.65 | I8: =SUM(D8:G8) -> 247099.95 | N8: 221601.37 | O8: 26227341 | P8: =N8/O8 -> 0.0084492503
B9: March | D9: 7014330 | E9: =1503524+13657485+36785 -> 15197794 | F9: =2887608+5381 -> 2892989 | G9: 185145 | I9: =SUM(D9:G9) -> 25290258 | N9: 208826.92 | O9: 24210269 | P9: =N9/O9 -> 0.0086255514
D10: 66776.42 | E10: =12674.71+69926.32+48242.99 -> 130844.02 | F10: =10424.26+7632.89 -> 18057.15 | G10: 1555.22 | I10: =SUM(D10:G10) -> 217232.81 | N10: 210197.7 | O10: 24560090 | P10: =N10/O10 -> 0.0085585069
B11: April | D11: 6737892 | E11: =1441964+14680991+36652 -> 16159607 | F11: =3165988+6567 -> 3172555 | G11: 157287 | I11: =SUM(D11:G11) -> 26227341 | N11: 246578.8 | O11: 29340539 | P11: =N11/O11 -> 0.008404031
D12: 64144.73 | E12: =12155.76+75166.67+48069.11 -> 135391.54 | F12: =11429.22+9314.67 -> 20743.89 | G12: 1321.21 | I12: =SUM(D12:G12) -> 221601.37 | N12: 271991.62 | O12: 32283122 | P12: =N12/O12 -> 0.0084251957
B13: May | D13: 5702124 | E13: =1239252+13794048+38100 -> 15071400 | F13: =3287639+7362 -> 3295001 | G13: 141744 | I13: =SUM(D13:G13) -> 24210269 | N13: 243848.79 | O13: 28662054 | P13: =N13/O13 -> 0.0085077221
D14: 54284.22 | E14: =10446.89+70625.53+49967.91 -> 131040.33 | F14: =11868.38+10443.34 -> 22311.72 | G14: 1190.65 | I14: =SUM(D14:G14) -> 208826.92 | N14: 218913.32 | O14: 25547041 | P14: =N14/O14 -> 0.0085690284
B15: June | D15: 5339528 | E15: =1252537+14153011+38983 -> 15444531 | F15: =3641437+7759 -> 3649196 | G15: 126835 | I15: =SUM(D15:G15) -> 24560090 | N15: 220988.04 | O15: 26013202 | P15: =N15/O15 -> 0.0084952264
D16: 50832.3 | E16: =10558.89+72463.42+51126.35 -> 134148.66 | F16: =13145.59+11005.74 -> 24151.33 | G16: 1065.41 | I16: =SUM(D16:G16) -> 210197.7 | N16: 221726.07 | O16: 26092339 | P16: =N16/O16 -> 0.008497746
B17: July | D17: 6628051 | E17: =1456646+16936363+42947 -> 18435956 | F17: =4131734+8531 -> 4140265 | G17: 136267 | I17: =SUM(D17:G17) -> 29340539 | N17: =SUM(N5:N16) -> 2744288.5 | O17: =SUM(O5:O16) -> 325205970
D18: 63099.05 | E18: =12279.53+86714.18+56325.24 -> 155318.95 | F18: =14915.56+12100.6 -> 27016.16 | G18: 1144.64 | I18: =SUM(D18:G18) -> 246578.8 | O18: =N17/O17 -> 0.0084386165
B19: August | D19: 8379261 | E19: =1684588+17833514+44209 -> 19562311 | F19: =4178752+8708 -> 4187460 | G19: 154090 | I19: =SUM(D19:G19) -> 32283122
D20: 79770.56 | E20: =14201.08+91307.59+57980.44 -> 163489.11 | F20: =15085.29+12352.3 -> 27437.59 | G20: 1294.36 | I20: =SUM(D20:G20) -> 271991.62
B21: September | D21: 6802268 | E21: =1456905+16525029+42794 -> 18024728 | F21: =3655646+8065 -> 3663711 | G21: =171347 -> 171347 | I21: =SUM(D21:G21) -> 28662054
D22: 64757.59 | E22: =12281.71+84608.15+56124.32 -> 153014.18 | F22: =13196.88+11440.83 -> 24637.71 | G22: 1439.31 | I22: =SUM(D22:G22) -> 243848.79
B23: October | D23: 5670138 | E23: =1283577+14926360+40761 -> 16250698 | F23: =3418352+7195 -> 3425547 | G23: =200658 -> 200658 | I23: =SUM(D23:G23) -> 25547041
D24: 53979.71 | E24: =10820.55+76422.96+53458.38 -> 140701.89 | F24: =12340.25+10205.94 -> 22546.19 | G24: =1685.53 -> 1685.53 | I24: =SUM(D24:G24) -> 218913.32
B25: November | D25: 6285101 | E25: =1355490+14800689+38251 -> 16194430 | F25: =3311878+7065 -> 3318943 | G25: 214728 | I25: =SUM(D25:G25) -> 26013202
D26: =59834.16 -> 59834.16 | E26: =11426.78+75779.53+50166.78 -> 137373.09 | F26: =11955.88+10021.19 -> 21977.07 | G26: 1803.72 | I26: =SUM(D26:G26) -> 220988.04
B27: December | D27: 7231831 | E27: =1462685+14100698+36172 -> 15599555 | F27: =3022783+5674 -> 3028457 | G27: 232496 | I27: =SUM(D27:G27) -> 26092339
D28: 68847.03 | E28: =12330.43+72195.57+47439.36 -> 131965.36 | F28: =10912.25+8048.46 -> 18960.71 | G28: =1952.97 -> 1952.97 | I28: =SUM(D28:G28) -> 221726.07

Sheet EEC 2018 data
D3: Residential | E3: Commercial | F3: Industrial | G3: Street Lights | I3: Totals
B5: January | D5: =8646388 -> 8646388 | E5: =1782678+15173304+37365 -> 16993347 | F5: =3278101+6473 -> 3284574 | G5: =233723 -> 233723 | I5: =SUM(D5:G5) -> 29158032
D6: 78249.81 | E6: =14457.52+75714.79+47390.56 -> 137562.87 | F6: =14259.74+11329.17 -> 25588.91 | G6: =1893.16 -> 1893.16 | I6: =SUM(D6:G6) -> 243294.75
B7: February | D7: 8175913 | E7: =1741058+15800398+37909 -> 17579365 | F7: =3227206+6768 -> 3233974 | G7: 193576 | I7: =SUM(D7:G7) -> 29182828
D8: 72683.86 | E8: =12936.06+72049.81+44160.7 -> 129146.57 | F8: =13328.36+11244.62 -> 24572.98 | G8: 1432.46 | I8: =SUM(D8:G8) -> 227835.87
B9: March | D9: 6504637 | E9: =1399820+13627502+36654 -> 15063976 | F9: =2820473+5488 -> 2825961 | G9: 190070 | I9: =SUM(D9:G9) -> 24584644
D10: =57826.22 -> 57826.22 | E10: =10400.66+62141.41+42698.72 -> 115240.79 | F10: =11648.55+9118.56 -> 20767.11 | G10: 1406.52 | I10: =SUM(D10:G10) -> 195240.64
B11: April | D11: 6724489 | E11: =1517192+15026333+36970 -> 16580495 | F11: =3209535+5953 -> 3215488 | G11: 159972 | I11: =SUM(D11:G11) -> 26680444
D12: 59780.71 | E12: =11272.74+68520.08+43066.25 -> 122859.07 | F12: =13255.38+9890.51 -> 23145.89 | G12: 1183.79 | I12: =SUM(D12:G12) -> 206969.46
B13: May | D13: 5763635 | E13: =1296318+14242169+39274 -> 15577761 | F13: =3531908+7344 -> 3539252 | G13: 143030 | I13: =SUM(D13:G13) -> 25023678
D14: 51238.72 | E14: =9631.64+64944.29+45750.78 -> 120326.71 | F14: =14586.78+12200.52 -> 26787.3 | G14: 1058.42 | I14: =SUM(D14:G14) -> 199411.15
B15: June | D15: 5508398 | E15: =1340029+15319955+41199 -> 16701183 | F15: =3866835+8201 -> 3875036 | G15: 126773 | I15: =SUM(D15:G15) -> 26211390
D16: 48969.66 | E16: =9956.42+69858.99+47992.58 -> 127807.99 | F16: =15970.03+13625.07 -> 29595.1 | G16: 938.12 | I16: =SUM(D16:G16) -> 207310.87
B17: July | D17: 6876387 | E17: =1529153+16844866+45449 -> 18419468 | F17: =4233056+9105 -> 4242161 | G17: 135991 | I17: =SUM(D17:G17) -> 29674007
D18: 61131.08 | E18: =11361.61+76812.59+52943.95 -> 141118.15 | F18: =17482.52+15126.45 -> 32608.97 | G18: 1006.33 | I18: =SUM(D18:G18) -> 235864.53
B19: August | D19: =8639992 -> 8639992 | E19: =1757742+18585005+44392 -> 20387139 | F19: =4509646+8491 -> 4518137 | G19: 153814 | I19: =SUM(D19:G19) -> 33699082
D20: 76809.53 | E20: =13060.02+84747.62+51712.3 -> 149519.94 | F20: =18624.84+14106.22 -> 32731.06 | G20: 1138.22 | I20: =SUM(D20:G20) -> 260198.75
B21: September | D21: 7998481 | E21: =1600143+18120884+46796 -> 19767823 | F21: =4263529+9177 -> 4272706 | G21: 170628 | I21: =SUM(D21:G21) -> 32209638
D22: 71106.5 | E22: =11889.06+82631.23+54512.67 -> 149032.96 | F22: =17608.37+15246.87 -> 32855.24 | G22: 1262.65 | I22: =SUM(D22:G22) -> 254257.35
B23: October | D23: 6153577 | E23: =1335174+15719861+43532 -> 17098567 | F23: =3760002+8092 -> 3768094 | G23: =200516 -> 200516 | I23: =SUM(D23:G23) -> 27220754
D24: 54705.3 | E24: =9920.34+71682.57+50710.33 -> 132313.24 | F24: =15528.81+13443.25 -> 28972.06 | G24: =1483.82 -> 1483.82 | I24: =SUM(D24:G24) -> 217474.42
B25: November | D25: 6511776 | E25: =1392375+14861378+38828 -> 16292581 | F25: =3278576+6317 -> 3284893 | G25: 214640 | I25: =SUM(D25:G25) -> 26303890
D26: 57889.69 | E26: =10345.35+67767.88+45230.98 -> 123344.21 | F26: =13540.52+10495.26 -> 24035.78 | G26: 1588.34 | I26: =SUM(D26:G26) -> 206858.02
B27: December | D27: 7268852 | E27: =1467834+14102490+36718 -> 15607042 | F27: =3040480+5868 -> 3046348 | G27: 232527 | I27: =SUM(D27:G27) -> 26154769
D28: 64620.09 | E28: =10906.01+64307.35+42772.53 -> 117985.89 | F28: =12557.18+9748.83 -> 22306.01 | G28: 1720.7 | I28: =SUM(D28:G28) -> 206632.69

Sheet EEC Calculation
A1: =+'EEC Collection True-Up'!A1 -> BURLINGTON ELECTRIC DEPARTMENT
A2: EEC Rates for the Calendar Year 2023
C5: EEC To Be Collected
A7: EEU Amounts To Be Billed | D7: BED
A9: Proposed Budget (Approved 19-3272 - 8/26/2021), less adjustments | D9: 2691482 | E9: See 2023 budget to right
A10: 2015- 2017 Carry forward amounts | D10: =931050/3 -> 310350 | E10: See PUC Order 20-2241 11/13/2020
A11: 2018-2020 Carry forward amounts | D11: =350442/2 -> 175221 | E11: See PUC Order 21-1616 08/31/2021
A12: 2023 Starting amount | D12: =D9-D10-D11 -> 2205911
G13: 931050
A14: Prior Period Collection Adjustments | G14: 350442
A15: Over collections are shown in brackets (over) and are subtracted from the amounts to be collected in 2023 | G15: =G13+G14 -> 1281492
A16: Under collections are shown without brackets and are added to the amounts to be collected in 2023
A18: (1) Uncollectible
A19: 2021 True-Up | D19: =-'EEC Uncollectibles'!E25 -> -687
A20: 2022 Estimate-net | D20: =-'EEC Uncollectibles'!G25 -> -8607.72 | E20: =D19+D20 -> -9294.72
A21: Sub Total-Amount To Be Allocated to Rate Class | D21: =+D19+D12+D20 -> 2196616.3
A23: (2) 2021 Collections True Up (Over) Under Collections Actuals
A24: Residential | D24: =-'EEC Collection True-Up'!K10 -> -12882.445
A25: Commercial | D25: =-'EEC Collection True-Up'!K11 -> 1146.8424
A26: Industrial | D26: =-'EEC Collection True-Up'!K12 -> -24675.448
D27: =SUM(D24:D26) -> -36411.05 | E27: =IF(D27<0,"overcollected","undercollected") -> overcollected
A28: (3) 2022 Collections True-Up (Over) Under Collections Estimate
A29: Residential | D29: =-'EEC Collection True-Up'!K26 -> -64398.092
A30: Commercial | D30: =-'EEC Collection True-Up'!K27 -> -141448.55 | E30: =IF(D30<0,"overcollected","undercollected") -> overcollected
A31: Industrial | D31: =-'EEC Collection True-Up'!K28 -> -18049.357
D32: =SUM(D29:D31) -> -223896 | E32: =IF(D32<0,"overcollected","undercollected") -> overcollected
A33: (4) Other:
A34: Other Adjustments | D34: =I34 -> 0
A35: Residential | D35: =+D34*G49/G53 -> 0
A36: Commercial | D36: =+D34*G50/G53 -> 0
A37: Industrial | D37: =+D34*G51/G53 -> 0
D38: =SUM(D35:D37) -> 0
F39: 0.005 | G39: weatherization
A40: Initial EEC to be Billed | D40: =+D32+D27+D21+D38 -> 1936309.2 | F40: 0.00525 | G40: GRT
A41: Gross Revenue & Weather Tax | D41: =D42-D40 -> 20151.546 | F41: =F39+F40 -> 0.01025
A42: Total 2023 EEC to be Billed | D42: =D40/$E$42 -> 1956460.8 | E42: =(1/1-0.0103) -> 0.9897 | F42: GRT .525% and Weather .5% = 1.03%
B45: Burlington Electric Department (BED)
A46: Revenue Based EEC Allocation | B46: EEC To Be | C46: 2022 | D46: 2021 | E46: EEC To Be | F46: Adjusted
B47: Billed | C47: Over/Under | D47: Over/Under | E47: Billed | F47: % of | G47: Total
A48: Percent of EEC Related Rate Revenues | B48: By Rate Class | C48: Collection | D48: Collection | E48: By Rate Class | F48: Total | G48: Rate Rev
A49: Residential | B49: =+C49+D49+E49 -> 603377.97 | C49: =+D29+D35 -> -64398.092 | D49: =+D24 -> -12882.445 | E49: =+F49*$D$21 -> 680658.5 | F49: =G49/G53 -> 0.30986682 | G49: =+'Util Rev and Load Data'!D25 -> 14352535 | H49: Confirmed to be close as possible.
A50: Commercial (includes Pub Street and Other) | B50: =+C50+D50+E50 -> 1132992.9 | C50: =+D30+D36 -> -141448.55 | D50: =+D25 -> 1146.8424 | E50: =+F50*$D$21 -> 1273294.6 | F50: =(G50/G53) -> 0.57966184 | G50: ='Util Rev and Load Data'!P25+'Util Rev and Load Data'!AB25 -> 26849008
A51: Industrial | B51: =+C51+D51+E51 -> 199938.35 | C51: =+D31+D37 -> -18049.357 | D51: =+D26 -> -24675.448 | E51: =+F51*$D$21 -> 242663.15 | F51: =(G51/G53) -> 0.11047134 | G51: ='Util Rev and Load Data'!AA25 -> 5116855.7
A52: Sub Total Com and Industrial | B52: =E52+D52+C52 -> 1332931.3 | C52: =+C51+C50 -> -159497.91 | D52: =+D51+D50 -> -23528.605 | E52: =+E51+E50 -> 1515957.8 | F52: =SUM(F50:F51) -> 0.69013318 | G52: =SUM(G50:G51) -> 31965863
A53: EEU Charge To Be Billed | B53: =SUM(B49:B51) -> 1936309.2 | C53: =SUM(C49:C51) -> -223896 | D53: =SUM(D49:D51) -> -36411.05 | E53: =SUM(E49:E51) -> 2196616.3 | F53: =SUM(F49:F51) -> 1 | G53: =SUM(G49:G51) -> 46318398
A54: Source: EEC Summary Template reconciled with FERC Annual Report (see Summary-Rev and Units Worksheet)
A58: Volumetric Rate Development for energy (kWh) and demand/capacity (kw)
B59: Burlington Electric Department (BED)
D60: EEC To Be | E60: RATE
C61: 2021 | D61: Billed | E61: per kWh
B62: % of Total kWh | C62: kWh | D62: By Rate Class | E62: w/o Tax
C64: =+'Util Rev and Load Data'!C93 -> 90180849
C65: 0
A66: Residential | B66: =C66/C80 -> 0.27918735 | C66: =C64-C65 -> 90180849 | D66: =B49 -> 603377.97 | E66: =D66/C66 -> 0.006690755
C69: =+'Util Rev and Load Data'!P93 -> 1.8858377e+08
C70: ='Util Rev and Load Data'!AB73 -> 0
C71: 0
A72: Commercial | B72: =C72/C80 -> 0.58382909 | C72: =SUM(C69:C71) -> 1.8858377e+08 | D72: =B50 -> 1132992.9 | E72: =D72/C72 -> 0.0060079027
C75: =+'Util Rev and Load Data'!AA93 -> 44247326
C76: 0
A78: Industrial | B78: =C78/C80 -> 0.13698356 | C78: =SUM(C75:C77) -> 44247326 | D78: =B51 -> 199938.35 | E78: =D78/C78 -> 0.0045186538
B80: =SUM(B66:B78) -> 1 | C80: =C66+C72+C78 -> 3.2301194e+08 | D80: =SUM(D66:D78) -> 1936309.2 | E80: =D80/C80 -> 0.0059945438
C81: =C80='Util Rev and Load Data'!AC93 -> TRUE | D81: =D80=D40 -> TRUE
B82: RATE | C82: Final Rates with Gross Receipts and
B83: w/o Tax | C83: WX tax Adjustment (formula=rate w/o tax/.99)
A84: Residential | B84: =D66/C66 -> 0.006690755 | D84: =B84/$E$42 -> 0.006760387 | E84: $/kWh
A85: Commercial | B85: =D72/C72 -> 0.0060079027 | D85: =B85/$E$42 -> 0.0060704282 | E85: $/kWh
A86: Industrial | B86: =D78/C78 -> 0.0045186538 | D86: =B86/$E$42 -> 0.0045656803 | E86: $/kWh
A87: Total | B87: =D80/C80 -> 0.0059945438 | D87: =B87/$E$42 -> 0.0060569302 | E87: $/kWh
B92: Burlington Electric Division (BED)
D93: EEC To Be | F93: EEC
D94: Billed | E94: EEC Rate | F94: Billing Unit
A95: COMMERCIAL CUSTOMERS
A96: Total kWh for Demand and Non-Demand Customers | C96: ='Util Rev and Load Data'!P73 -> 1.8858377e+08 | E96: =D85 -> 0.0060704282 | F96: kWh
A97: Amount to be collected from Commercial Customers | D97: =C96*D85 -> 1144784.2
A99: EEC Charge - Commercial Non-Demand Customers | C99: ='Util Rev and Load Data'!I73+'Util Rev and Load Data'!AB73 -> 17901473 | D99: =C99*D85 -> 108669.61 | E99: =+D99/C99 -> 0.0060704282 | F99: kWh
A100: Balance To Be Collected from Commercial Demand Customers | D100: =D97-D99 -> 1036114.6
A102: EEC Charge - Commercial Demand Customers
A103: (Apportion balance of EEC to be collected between kWh and kW)
A104: kWh Sales | B104: ='Util Rev and Load Data'!K73 -> 1.7068229e+08 | E104: =D105/B104 -> 0.0037097733 | F104: kWh
A105: Reported Energy Revenues | B105: ='Util Rev and Load Data'!K25 -> 14033596 | C105: =B105/B110 -> 0.61112218 | D105: =D100*C105 -> 633192.61
A107: Billed kW Demand (subject to EEC charge) | B107: ='Util Rev and Load Data'!N73 -> 445226.64 | E107: =D108/B107 -> 0.90498175 | F107: kW
A108: Reported kW Revenues (Total) | B108: ='Util Rev and Load Data'!N25 -> 8930054.2 | C108: =B108/B110 -> 0.38887782 | D108: =D100*C108 -> 402921.98
A110: Total Revenue (excluding Customer Charge Revenues) | B110: =SUM(B105,B108) -> 22963650 | C110: =SUM(C105:C108) -> 1 | D110: =SUM(D105:D108) -> 1036114.6
A112: INDUSTRIAL CUSTOMERS
A113: Total kWh for demand and non-demand customers | C113: =C78 -> 44247326 | E113: =D86 -> 0.0045656803
A114: Amount to be collected from Industrial Customers | D114: =C113*D86 -> 202019.14
A116: EEC Charge - Industrial Non-Demand Customers | C116: ='Util Rev and Load Data'!S25 -> 0 | D116: =C116*D86 -> 0 | E116: =IF(C116=0,0,D116/C116) -> 0 | F116: kWh
A117: Balance To Be Collected from Industrial Demand Customers | D117: =D114-D116 -> 202019.14
A119: EEC Charge - Industrial Demand Customers
A120: (Apportion balance of EEC to be collected between kWh and kW)
A121: kWh Sales | B121: ='Util Rev and Load Data'!V73 -> 44247326 | E121: =D122/B121 -> 0.0030972568 | F121: kWh
A122: Reported Energy Revenue | B122: ='Util Rev and Load Data'!V25 -> 3460806.8 | C122: =B122/B127 -> 0.67837795 | D122: =D117*C122 -> 137045.33
A124: Billed kW Demand (subject to EEC charge) | B124: ='Util Rev and Load Data'!Y73 -> 80805.86 | E124: =D125/B124 -> 0.80407302 | F124: kW
A125: Reported kW Revenues (Total) | B125: ='Util Rev and Load Data'!Y25 -> 1640784.2 | C125: =B125/B127 -> 0.32162205 | D125: =D117*C125 -> 64973.812
A127: Total Revenue | B127: =SUM(B122,B125) -> 5101590.9 | C127: =SUM(C122:C125) -> 1 | D127: =SUM(D122:D125) -> 202019.14
D130: =D110+D127 -> 1238133.7 | E130: =D72+D78 -> 1332931.3 | F130: =D130-E130 -> -94797.531
D131: =D66 -> 603377.97
D132: =D130+D131 -> 1841511.7 | E132: =D132/E42 -> 1860676.7
D133: =D132-D80 -> -94797.531

Sheet EEC Rates Report
A1: =+'EEC Calculation'!A1 -> BURLINGTON ELECTRIC DEPARTMENT
A2: Calculation of BED EEC Rates for 2023
K3: EEC Rate Comparison
K4: BED 2022 Energy Efficiency Charge Rates
E6: All Other Utilities | G6: BED | K6: Change from 2022 EEC rates | L6: BED
E7: Rate | F7: Unit | G7: Rate | H7: Unit | Q7: Rate Classifications | S7: 2023 | T7: 2022 | U7: % diff
L8: 2022 Rate | M8: % Change | N8: Sources | Q8: w/o Demand Charges | R8: Residential | S8: =G12 -> 0.006760387 | T8: 0.0069 | U8: =(S8-T8)/T8 -> -0.020233768
A9: Rate Classifications | R9: Commercial | S9: =G13 -> 0.0060704282 | T9: 0.00703 | U9: =(S9-T9)/T9 -> -0.13649671
R10: Industrial | S10: =G14 -> 0.0045656803 | T10: 0.00569 | U10: =(S10-T10)/T10 -> -0.19759573
A11: Rates for Customers Without Demand Charges | J11: Reference w/o credits | Q11: w/ Demand charges | R11: Commercial
A12: Residence | E12: ='EEC Calculation'!#REF! -> #REF! | F12: $/kWh | G12: ='EEC Calculation'!D84 -> 0.006760387 | H12: $/kWh | K12: =G12-L12 -> -0.000139613 | L12: 0.0069 | M12: =(+G12-L12)/L12 -> -0.020233768 | N12: BED | R12: kWh | S12: =G20 -> 0.0037097733 | T12: 0.00416 | U12: =(S12-T12)/T12 -> -0.10822757
A13: Commercial-non demand customers | E13: ='EEC Calculation'!#REF! -> #REF! | F13: $/kWh | G13: ='EEC Calculation'!D85 -> 0.0060704282 | H13: $/kWh | K13: =G13-L13 -> -0.00095957185 | L13: 0.00703 | M13: =(+G13-L13)/L13 -> -0.13649671 | R13: kW | S13: =G21 -> 0.90498175 | T13: 1.09775 | U13: =(S13-T13)/T13 -> -0.17560305
A14: Industrial customers-non demand customers | E14: ='EEC Calculation'!#REF! -> #REF! | F14: $/kWh | G14: ='EEC Calculation'!D86 -> 0.0045656803 | H14: $/kWh | K14: =G14-L14 -> 0.0045656803 | L14: 0 | M14: =(+G14-L14)/L14 -> #DIV/0! | R14: Industrial
R15: kWh | S15: =G23 -> 0.0030972568 | T15: 0.00323 | U15: =(S15-T15)/T15 -> -0.041096965
A16: Rates for Customers With Demand Charges | R16: kW | S16: =G24 -> 0.80407302 | T16: 0.86942 | U16: =(S16-T16)/T16 -> -0.075161577
Q17: Public street lighting | S17: =G27 -> 0.0060704282 | T17: 0.007 | U17: =(S17-T17)/T17 -> -0.13279598
A19: Commercial -demand customers | Q19: Total EEC to be Billed in 2023 compared to the calculated EEC using 2021 Billing determinates and 2022 EEC rates | S19: =G31 -> 1956460.8 | T19: =L30 -> 2159734.1 | U19: =(S19-T19)/T19 -> -0.094119624
B20: kWh | E20: ='EEC Calculation'!#REF! -> #REF! | F20: $/kWh | G20: ='EEC Calculation'!E104 -> 0.0037097733 | H20: $/kWh | K20: =G20-L20 -> -0.00045022671 | L20: 0.00416 | M20: =(+G20-L20)/L20 -> -0.10822757 | Q20: Total reduction in 2023 relative to 2022 Estimates | S20: =S19-T19 -> -203273.37
B21: kW | E21: ='EEC Calculation'!#REF! -> #REF! | F21: $/kW | G21: ='EEC Calculation'!E107 -> 0.90498175 | H21: $/kW | K21: =G21-L21 -> -0.19276825 | L21: 1.09775 | M21: =(+G21-L21)/L21 -> -0.17560305
A22: Industrial customers-demand customers
B23: kWh | E23: ='EEC Calculation'!#REF! -> #REF! | F23: $/kWh | G23: ='EEC Calculation'!E121 -> 0.0030972568 | H23: $/kWh | K23: =G23-L23 -> -0.0001327432 | L23: 0.00323 | M23: =(+G23-L23)/L23 -> -0.041096965
B24: kW | E24: ='EEC Calculation'!#REF! -> #REF! | F24: $/kW | G24: ='EEC Calculation'!E124 -> 0.80407302 | H24: $/kW | K24: =G24-L24 -> -0.065346979 | L24: 0.86942 | M24: =(+G24-L24)/L24 -> -0.075161577
A26: Rates for Unmetered Street and Security Light Customers
E27: =+E13 -> #REF! | F27: $/kWh | G27: =+G13 -> 0.0060704282 | H27: $/kWh | J27: 0.0089 | K27: =G27-L27 -> -0.00092957185 | L27: 0.007 | M27: =(+G27-L27)/L27 -> -0.13279598
A30: Total EEC to be Billed By BED | E30: =+'EEC Calculation'!#REF! -> #REF! | L30: ='EEC Billing Determinants'!O35 -> 2159734.1 | M30: =(+G31-L30)/L30 -> -0.094119624
G31: =+'EEC Calculation'!D42 -> 1956460.8 | L31: =G31-L30 -> -203273.37 | M31: Reductions
E33: TOGGLE
E34: OYMA | F34: 1

Sheet NM Flat
D1: SG Rate | E1: SG Rate | F1: RS Rate | G1: RS Rate
D2: Customers | E2: Energy | F2: Customers | G2: Energy
C3: Month | D3: (CUST) | E3: (EEKH) | F3: (CUST) | G3: (EEKH)
C4: 44197 | D4: 3102 | E4: 1384040 | F4: 17050 | G4: 8200281
C5: 44228 | D5: 3078 | E5: 1530313 | F5: 17000 | G5: 8683274
C6: 44256 | D6: 3098 | E6: 1319992 | F6: 17038 | G6: 7449200
C7: 44287 | D7: 3083 | E7: 1211276 | F7: 17009 | G7: 6780482
C8: 44317 | D8: 3087 | E8: 1100485 | F8: 17112 | G8: 6006179
C9: 44348 | D9: 3091 | E9: 1237376 | F9: 18212 | G9: 6488396
C10: 44378 | D10: 3096 | E10: 1322708 | F10: 17179 | G10: 7725522
C11: 44409 | D11: 3089 | E11: 1387452 | F11: 17254 | G11: 7895725.6
C12: 44440 | D12: 3105 | E12: 1405176 | F12: 17151 | G12: 8672637
C13: 44470 | D13: 3095 | E13: 1156970 | F13: 17074 | G13: 6172152
C14: 44501 | D14: 3080 | E14: 1196785 | F14: 17105 | G14: 6494903
C15: 44531 | D15: 3078 | E15: 1322292 | F15: 17049 | G15: 7156050
D16: =AVERAGE(D4:D15) -> 3090.1667 | E16: =SUM(E4:E15) -> 15574865 | F16: =AVERAGE(F4:F15) -> 17186.083 | G16: =SUM(G4:G15) -> 87724802
C17: Average Annual Use Per Customer | E17: =E16/D16 -> 5040.1375 | G17: =G16/F16 -> 5104.4092
C18: Average Monthly Use Per Customer | E18: =E17/12 -> 420.01146 | G18: =G17/12 -> 425.36743
C19: Proposed EEC Rates | E19: 0.007027 | G19: 0.006903
C20: Proposed Mo. EEC Flat Fee | E20: =E18*E19 -> 2.9514205 | G20: =G18*G19 -> 2.9363114
